 Dungeon Crawl Stone Soup version 0.31-a0-152-g6aa68a64a1 (webtiles) character file.

Game seed: 2364733548223133165

525702 qw the Slayer (level 25, -2/180 HPs)
             Began as a Gargoyle Fighter on June 10, 2023.
             Was an Elder of Okawaru.
             Slain by an azure jelly (8 damage)
             ... created by the Royal Jelly
             ... on level 5 of the Pits of Slime.
             The game lasted 00:42:25 (61014 turns).

qw the Slayer (Gargoyle Fighter)                   Turns: 61014, Time: 00:42:25

Health: -2/180     AC: 61    Str: 27    XL:     25   Next: 45%
Magic:  30/30      EV: 22    Int: 12    God:    Okawaru [****..]
Gold:   819        SH: 29    Dex:  9    Spells: 24/24 levels left

rFire   . . .        x - +9 broad axe (protect)
rCold   . . .        G - +1 tower shield {AC+3}
rNeg    + . .        I - +8 plate armour of Soatax {rC+ rCorr}
rPois   inf          b - +2 helmet
rElec   +            t - +4 dragonskin cloak
rCorr   +            h - +2 pair of gloves
SInv    .            g - +1 pair of boots
Will    +....        L - amulet of reflection Stlth
                     l - +5 ring of evasion
HPRegen 0.50/turn    o - +5 ring of evasion
MPRegen 0.22/turn

%: reflection
@: about to teleport, heroic, corroded, under a protective aura, flying
A: sickness immunity, AC +19, big wings, negative energy resistance 1,
electricity resistance, torment resistance 1, petrification resistance, dopey 1,
cold vulnerability 1, noise suppression
}: 3/15 runes: serpentine, barnacled, silver
a: Renounce Religion, Heroism, Finesse


You were on level 5 of the Pits of Slime.
You worshipped Okawaru.
Okawaru was greatly pleased with you.
You visited 10 branches of the dungeon, and saw 49 of its levels.
You visited the Abyss 1 time.
You also visited: Ossuary.

You collected 5154 gold pieces.
You spent 4335 gold pieces at shops.


Innate Abilities, Weirdness & Mutations

You are immune to sickness and miasma.
Your stone body is resilient. (AC +19)
You are immune to poison.
Your large and strong wings let you fly.
You resist negative energy. (rN+)
You are resistant to electric shocks. (rElec)
You are resistant to unholy torment.
You are immune to petrification.
You are dopey. (Int -2)
You are vulnerable to cold. (rC-)
You passively dampen the noise of your surroundings.


   Skills:
 + Level 24.8(27) Fighting
 - Level 18.0(23.0) Axes
 - Level 14.0(19.0) Throwing
 - Level 22.0(27) Armour
 - Level 7.0(12.0) Dodging
 - Level 22.0(27) Shields
 - Level 10.0 Invocations


You had 24 spell levels left.
You didn't know any spells.
Your spell library was empty.

Inventory:

Hand Weapons
 x - a +9 broad axe of protection (weapon)
Missiles
 m - 24 javelins
 C - 12 silver javelins
Armour
 b - a +2 helmet (worn)
 c - +0 gold dragon scales
 g - a +1 pair of boots (worn)
 h - a +2 pair of gloves (worn)
 r - a +6 plate armour of fire resistance
 t - the +4 dragonskin cloak (worn)
   (You took it off Tiamat on level 4 of the Realm of Zot)

   Avatar's Aegis: It grants the wearer a chance to resist fire, cold, poison,
   electricity, acid, and negative energy.
 w - a scarf of resistance
 G - a +1 tower shield of protection (worn)
 I - the +8 plate armour of Soatax (worn) {rC+ rCorr}
   (You found it on level 2 of the Depths)

   rC:        It protects you from cold.
   rCorr:     It protects you from acid and corrosion.
Jewellery
 e - a ring of protection from cold
 l - a +5 ring of evasion (left hand)
 n - a ring of protection from fire
 o - a +5 ring of evasion (right hand)
 q - a ring of ice
 B - a ring of resist corrosion
 D - the amulet "Murph" {RegenMP *Slow rC+ Regen+ rCorr}
   (You found it on level 1 of the Vaults)

   [amulet of magic regeneration]

   It increases your rate of magic regeneration.
   rC:        It protects you from cold.
   Regen:     It increases your rate of health regeneration.
   rCorr:     It protects you from acid and corrosion.
   *Slow:     It may slow you when you take damage.
 H - a ring of protection from fire
 L - an amulet of reflection (around neck)
Wands
 F - a wand of digging (7)
Scrolls
 a - 3 scrolls of identify
 A - 9 scrolls of teleportation
 J - 5 scrolls of enchant weapon
Potions
 d - 6 potions of might
 f - 15 potions of attraction
 i - 7 potions of haste
 j - 10 potions of mutation
 k - 8 potions of lignification
 p - 6 potions of magic
 s - 2 potions of resistance
 u - 12 potions of curing
 v - a potion of cancellation

Dungeon Overview and Level Annotations

Branches:
Dungeon (15/15)            Temple (1/1) D:4            Lair (5/5) D:10
 Shoals (4/4) Lair:3        Snake (4/4) Lair:2        Slime (5/5) Lair:4
    Orc (2/2) D:12            Elf (0/3) Orc:2        Vaults (5/5) D:14
  Crypt (0/3) Vaults:2     Depths (4/4) D:15            Zot (4/5) Depths:4
Ossuary (visited)

Altars:
Ashenzari
Cheibriados
Dithmenos
Elyvilon
Fedhas
Gozag
Hepliaklqana
Kikubaaqudgha
Makhleb
Nemelex Xobeh
Okawaru
Qazlal
Ru
Sif Muna
Trog
Uskayaw
Vehumet
Wu Jian
Xom
Yredelemnul
Zin
The Shining One
Jiyva

Shops:
Orc:2 [=*(   Shoals:3 [(**   Snake:2 !   Snake:4 ?   Depths:1 (:   Depths:2 :==

Portals:
Hell: Depths:1 Depths:2 Depths:3 Depths:4
Abyss: Depths:1 Depths:2 Depths:3 Depths:4
Pandemonium: Depths:2
Ziggurat: Depths:3
Bailey: D:8

Annotations:
D:10 exclusion: hound
Lair:5 2 runed translucent doors
Snake:1 1 runed translucent door, qw's ghost, adept GrHu
Slime:5 Royal Jelly
Orc:1 3 runed translucent doors, sand's ghost, journeyman HOFi
Vaults:1 3 runed translucent doors
Zot:3 2 transporters


Message History

The Royal Jelly is almost dead.
You hit the azure jelly. You hit the rockslime but do no damage.
You slash the rockslime! You hit the acid blob but do no damage.
Your hands burn!
You hit the rockslime but do no damage.
The rockslime is no longer covered in acid.
The rockslime hits you.
You hold your ground!
You block the rockslime's attack. The acid blob spits acid at you.
The splash of acid hits you. You resist. You block the azure jelly's attack.
The azure jelly completely misses you. You block the azure jelly's attack.
The azure jelly closely misses you. The Royal Jelly misses you.
The Royal Jelly completely misses you.
You slice the Royal Jelly!!
Your hands burn!
The Royal Jelly is almost dead.
You slash the rockslime! You slash the acid blob!
Your hands burn!
You hit the rockslime but do no damage. You slash the azure jelly!
You hit the rockslime but do no damage.
The Royal Jelly shudders.
The Royal Jelly spits out another jelly.
You block the rockslime's attack. x2; You block the acid blob's attack.
You block the rockslime's attack.
The azure jelly hits you but does no damage.
The azure jelly closely misses you.
The azure jelly hits you but does no damage.
The azure jelly misses you.
The Royal Jelly hits you but does no damage.
You block the Royal Jelly's attack.
You barely miss the Royal Jelly.
The Royal Jelly is almost dead.
You slice the acid blob!!
Your hands burn!
You hit the rockslime but do no damage.
You hit the azure jelly but do no damage.
You hit the rockslime but do no damage. x2
You block the rockslime's attack. x3
The acid blob spits acid at you.
The splash of acid hits you but does no damage.
The acid corrodes you! The Royal Jelly completely misses you.
You block the Royal Jelly's attack.
The azure jelly hits you but does no damage.
The azure jelly hits you. The azure jelly freezes you!
You die...

................ ................
................
.................
.................
.................
####JJ..............
#.JJJJ..............
....#JJ.#@JJ..............
.########JJ...............
/#.##=# #J................ #..##
##................ ##.#
#................. #..
###................# #.##
##..................# # ..#
#....................
.######.#####..................#.


You could see the Royal Jelly, 3 acid blobs, 4 azure jellies and 3 rockslimes.

Vanquished Creatures
  5 dread liches
  Tiamat (Zot:4)
  An ancient lich (Vaults:5)
  An orb of fire (Zot:2)
  Mennas (Vaults:4)
  A juggernaut (Depths:2)
  Vashnia (Snake:4)
  2 curse toes
  7 golden dragons
  A bone dragon (Depths:4)
  Jory (Vaults:3)
  An electric golem (Zot:3)
  10 tentacled monstrosities
  Jorgrun (D:15)
  Rupert (D:14)
  5 liches
  14 acid blobs
  7 quicksilver dragons
  2 krakens
  Gastronok (D:9)
  3 titans (Vaults:5)
  A tentacled starspawn (Abyss:3)
  Frances (D:14)
  5 death cobs
  8 tengu reavers
  6 sphinxes
  9 shadow dragons
  8 storm dragons
  Kirke (D:14)
  6 draconian monks
  A fenstrider witch (Depths:3)
  6 draconian knights
  9 rockslimes (Slime:5)
  Ilsuiw (Shoals:3)
  2 azure jellies (Slime:5)
  7 nagarajas
  7 fire giants
  Aizul (Snake:1)
  An iron dragon (Vaults:5)
  10 frost giants
  A ghost moth (shapeshifter) (Vaults:1)
  2 ghost moths
  Louise (Depths:2)
  5 draconian scorchers
  3 orc warlords
  3 draconian shifters
  A deep elf sorcerer (Vaults:5)
  A spriggan defender (Depths:2)
  2 draconian stormcallers (Zot:2)
  19 vault wardens
  5 draconian annihilators
  3 cacodemons (Vaults:1)
  10 very ugly things
  3 formless jellyfish
  18 ironbound preservers
  8 stone giants
  8 quicksilver oozes
  4 vampire knights
  11 green draconians
  7 ironbound thunderhulks
  Nessos (D:15)
  9 dire elephants
  A deep elf annihilator (Depths:2)
  8 black draconians
  9 red draconians
  8 white draconians
  10 purple draconians
  An eidolon (Vaults:2)
  8 yellow draconians
  19 ettins
  Josephine (D:11)
  An ettin (shapeshifter) (Vaults:5)
  A deep elf death mage (Vaults:5)
  4 fire dragons
  2 merfolk javelineers
  7 great orbs of eyes
  6 merfolk impalers
  10 yaktaur captains
  Erolcha (Orc:2)
  4 rakshasas
  37 vault guards
  5 hydras
  8 ice dragons
  A deep elf high priest (Vaults:5)
  4 salamander tyrants (Snake:4)
  3 merfolk avatars
  4 alligator snapping turtles
  2 death knights (D:14)
  10 centaur warriors
  A spriggan air mage (Depths:2)
  8 ironbound frosthearts
  4 ogre magi
  16 anacondas
  2 catoblepae (Lair:3)
  A death yak (Lair:3)
  3 tengu warriors
  5 merfolk aquamancers
  5 boulder beetles
  5 deep troll shamans
  3 two-headed ogres (D:15)
  19 naga warriors
  2 spriggan berserkers
  9 deep troll earth magi
  3 orc high priests
  17 naga sharpshooters
  5 shock serpents
  4 vampire magi
  A sun demon (Depths:2)
  Nergalle (D:11)
  3 skysharks
  A hell knight (Vaults:5)
  2 wretched stars (Abyss:3)
  A salamander mystic (Snake:4)
  52 deep trolls
  5 iron trolls
  3 naga ritualists
  A flayed ghost (Depths:2)
  7 glowing orange brains
  7 sea snakes
  18 ironbound convokers
  2 lindwurms (shapeshifter) (Vaults:5)
  7 lindwurms
  5 wizards
  3 phantasmal warriors
  A wolf spider zombie (D:15)
  23 harpies
  11 orc knights
  5 necromancers
  An oklob plant (Shoals:4)
  3 deep elf zephyrmancers
  11 mana vipers
  6 deep elf pyromancers
  14 fauns
  24 ugly things
  5 cyclopes
  A shadow dragon skeleton (Vaults:3)
  16 manticores
  3 orc sorcerers
  15 salamanders
  A worldbinder (Abyss:3)
  10 water nymphs
  13 moths of wrath
  20 naga magi
  9 guardian serpents
  10 merfolk sirens
  29 elephants
  An eye of devastation (Slime:5)
  15 vault sentinels
  An ice statue (D:15)
  49 black mambas
  A black mamba (shapeshifter) (Vaults:5)
  3 molten gargoyles (Lair:5)
  2 centaur skeletons (D:15)
  A water nymph (shapeshifter) (Vaults:5)
  2 torpor snails
  A smoke demon (Abyss:3)
  19 cane toads
  3 gargoyles
  Maggie (D:7)
  21 komodo dragons
  A yaktaur skeleton (Vaults:3)
  6 unseen horrors
  3 kobold demonologists
  3 freezing wraiths
  5 rime drakes
  A komodo dragon (shapeshifter) (D:15)
  24 yaktaurs
  An ancient zyme (Abyss:3)
  2 tengu conjurers
  5 trolls
  8 polar bears
  A human skeleton (Vaults:3)
  A meliai (shapeshifter) (Vaults:1)
  A hornet (D:9)
  24 merfolk
  Grinder (D:3)
  5 wind drakes
  A raiju (shapeshifter) (D:14)
  41 blink frogs
  24 dream sheep
  9 snapping turtles
  A dream sheep (shapeshifter) (Depths:2)
  Sigmund (D:6)
  A centaur simulacrum (D:15)
  A spriggan (shapeshifter) (D:13)
  78 slime creatures
  8 wraiths
  30 yaks
  A ynoxinul (Abyss:3)
  A vampire (D:14)
  An elf skeleton (Vaults:3)
  2 shadows
  6 wyverns
  10 water elementals
  2 hogs (D:14)
  2 humans (D:14)
  A steam dragon (shapeshifter) (Vaults:1)
  7 basilisks
  Grum (D:11)
  A neqoxec (Abyss:3)
  8 golden eyes (Slime:5)
  7 starcursed masses (Abyss:3)
  9 vampire mosquitoes
  Menkaure (D:6)
  3 steam dragons
  A naga (shapeshifter) (Vaults:1)
  6 wargs
  49 nagas
  2 acid dragons
  22 water moccasins
  3 hell hounds (Lair:5)
  Duvessa (D:6)
  A floating eye (Depths:3)
  A sky beast (D:8)
  A glowing shapeshifter skeleton (Vaults:3)
  25 orc warriors
  2 black bears (D:5)
  2 ice beasts (D:6)
  A large abomination (Abyss:3)
  13 wolves
  4 boggarts (Vaults:4)
  5 ogres
  16 centaurs
  Blork the orc (D:6)
  4 kobold brigands
  17 bullfrogs
  4 scorpions
  5 wights (D:8)
  Dowan (D:6)
  15 killer bees
  5 electric eels
  3 howler monkeys
  8 hounds
  5 lava snakes (Lair:5)
  A quasit (Abyss:3)
  8 jellies
  23 orc priests
  A sleepcap (D:6)
  2 iguanas (D:6)
  19 orc wizards
  A hell rat (Lair:3)
  12 mummies (Ossuary)
  12 adders
  A shadow imp (D:6)
  2 white imps
  An ufetubus (D:5)
  2 worms
  2 dart slugs
  72 orcs
  5 ball pythons
  8 endoplasms
  3 giant cockroaches
  7 goblins
  7 hobgoblins
  8 jackals
  6 quokkas
  3 training dummies (Depths:1)
  5 bats
  3 frilled lizards
  A gnoll skeleton (Ossuary)
  4 goblin skeletons (Ossuary)
  15 kobolds
  3 kobold skeletons (Ossuary)
  8 rats
  11 rat skeletons (Ossuary)
  3 butterflies
  7 tentacles
1878 creatures vanquished.

Vanquished Creatures (others)
  A draconian knight (Zot:4)
  A draconian annihilator (Depths:4)
  A stone giant (Depths:2)
  A salamander mystic (Snake:4)
  A wizard (Vaults:4)
  A naga mage (Snake:4)
  A komodo dragon (Lair:5)
  A wind drake (Shoals:4)
  2 nagas
  An orc warrior (D:14)
  An orc wizard (Orc:2)
  9 tentacles
21 creatures vanquished.

Grand Total: 1899 creatures vanquished

Notes
Turn   | Place    | Note
-------+----------+-------------------------------------------
     0 | D:1      | qw the Gargoyle Fighter began the quest for the Orb.
     0 | D:1      | Reached XP level 1. HP: 14/14 MP: 1/1
     0 | D:1      | 0 ||| qw: Version: 0.2-a-29-gd901d54
     0 | D:1      | 0 ||| qw: Game counter: 3958
     0 | D:1      | 0 ||| qw: Always use a shield: true
     0 | D:1      | 0 ||| qw: God list: Okawaru
     0 | D:1      | 0 ||| qw: Allow faded altars: false
     0 | D:1      | 0 ||| qw: Do Orc after D:15 true
     0 | D:1      | 0 ||| qw: Do second Lair branch before Depths: true
     0 | D:1      | 0 ||| qw: Lair rune preference: random
     0 | D:1      | 0 ||| qw: Plans: Normal, Zot:1-4, Slime:5, God:TSO, Crypt,
                  | Tomb, Abyss, Pan, Hells, Win
     0 | D:1      | 0 ||| PLANNING D:1-11
    44 | D:1      | 44 ||| Stepping ~*~*~tactically~*~*~ (hiding).
   170 | D:1      | 170 ||| Stepping ~*~*~tactically~*~*~ (stealth).
   219 | D:1      | Reached XP level 2. HP: 19/19 MP: 2/2
   247 | D:1      | 247 ||| Stepping ~*~*~tactically~*~*~ (stealth).
   630 | D:1      | Reached skill level 3 in Axes
   708 | D:1      | Reached XP level 3. HP: 23/23 MP: 3/3
   839 | D:1      | 839 ||| UPGRADING to +2 pair of gloves.
   844 | D:1      | 844 ||| DROPPING +6 ring of intelligence.
   845 | D:1      | 845 ||| READING 2 scrolls labelled YMEILITEUR.
   846 | D:1      | 846 ||| READING scroll labelled QUANOF LIAPT.
   850 | D:1      | 850 ||| READING scroll labelled HIYMPIPOISY.
   851 | D:1      | 851 ||| READING scroll labelled FARIALE DUFO.
   900 | D:2      | 900 ||| Stepping ~*~*~tactically~*~*~ (stealth).
   901 | D:2      | 901 ||| Stepping ~*~*~tactically~*~*~ (stealth).
   902 | D:2      | 902 ||| Stepping ~*~*~tactically~*~*~ (stealth).
   912 | D:2      | 912 ||| DROPPING +0 club.
   917 | D:2      | 917 ||| Stepping ~*~*~tactically~*~*~ (stealth).
   976 | D:2      | 976 ||| Stepping ~*~*~tactically~*~*~ (stealth).
   977 | D:2      | 977 ||| FLEEEEING.
  1085 | D:2      | Reached XP level 4. HP: 28/28 MP: 4/4
  1122 | D:2      | 1122 ||| Stepping ~*~*~tactically~*~*~ (stealth).
  1124 | D:2      | 1124 ||| Stepping ~*~*~tactically~*~*~ (hiding).
  1126 | D:2      | Noticed a scorpion
  1127 | D:2      | 1127 ||| Stepping ~*~*~tactically~*~*~ (stealth).
  1128 | D:2      | 1128 ||| Stepping ~*~*~tactically~*~*~ (stealth).
  1134 | D:2      | Killed a scorpion
  1152 | D:2      | Reached XP level 5. HP: 32/32 MP: 5/5
  1598 | D:2      | 1598 ||| READING scroll labelled TUBOR OMUQER.
  1599 | D:2      | 1599 ||| READING scroll labelled FENIUL ITE.
  1599 | D:2      | Identified a scroll of acquirement
  1599 | D:2      | 1599 ||| ACQUIRING +6 war axe
  1599 | D:2      | Acquired a +6 war axe
  1601 | D:2      | 1601 ||| SWAPPING to +6 war axe.
  1602 | D:2      | 1602 ||| DROPPING +0 war axe.
  1603 | D:2      | 1603 ||| READING scroll labelled YGYUNOSINT.
  1604 | D:2      | 1604 ||| READING 2 scrolls of identify.
  1604 | D:2      | 1604 ||| IDENTIFYING sapphire potion
  1605 | D:2      | 1605 ||| DROPPING potion of enlightenment.
  1640 | D:3      | Noticed Grinder
  1649 | D:3      | Killed Grinder
  1650 | D:3      | Reached skill level 6 in Axes
  1650 | D:3      | Reached XP level 6. HP: 37/37 MP: 6/6
  1713 | D:3      | 1713 ||| DROPPING +0 whip.
  1907 | D:3      | Found a faded altar of an unknown god.
  1990 | D:3      | Found a faded altar of an unknown god.
  2192 | D:3      | Found an ancient bone altar of Kikubaaqudgha.
  2197 | D:3      | 2197 ||| UPGRADING to +0 chain mail.
  2207 | D:3      | 2207 ||| DROPPING +0 scale mail.
  2208 | D:3      | 2208 ||| READING scroll labelled XUNLULITEVUO.
  2209 | D:3      | 2209 ||| READING scroll labelled NUISEM ORUZE.
  2210 | D:3      | 2210 ||| DRINKING 2 puce potions.
  2211 | D:3      | 2211 ||| READING 3 scrolls of identify.
  2211 | D:3      | 2211 ||| IDENTIFYING black potion
  2212 | D:3      | 2212 ||| READING 2 scrolls of identify.
  2212 | D:3      | 2212 ||| IDENTIFYING fizzy pink potion
  2213 | D:3      | 2213 ||| DROPPING potion of invisibility.
  2214 | D:3      | 2214 ||| DROPPING potion of ambrosia.
  2259 | D:4      | Reached skill level 4 in Fighting
  2337 | D:4      | Found a staircase to the Ecumenical Temple.
  2338 | D:4      | 2338 ||| PLANNING TEMPLE
  2346 | Temple   | Entered the Ecumenical Temple
  2347 | Temple   | 2347 ||| PLANNING OKAWARU WORSHIP
  2526 | Temple   | Became a worshipper of Warmaster Okawaru
  2526 | Temple   | 2526 ||| PLANNING D:1-11
  2554 | D:4      | 2554 ||| UPGRADING to +0 helmet.
  2565 | D:4      | 2565 ||| STAIRDANCE
  2828 | D:4      | Found a shimmering altar of Xom.
  2837 | D:4      | Reached XP level 7. HP: 43/43 MP: 7/7
  2843 | D:4      | Reached skill level 1 in Dodging
  2890 | D:4      | 2890 ||| Stepping ~*~*~tactically~*~*~ (hiding).
  2918 | D:4      | 2918 ||| Stepping ~*~*~tactically~*~*~ (stealth).
  2924 | D:4      | 2924 ||| Stepping ~*~*~tactically~*~*~ (stealth).
  2925 | D:4      | 2925 ||| Stepping ~*~*~tactically~*~*~ (stealth).
  2926 | D:4      | 2926 ||| Stepping ~*~*~tactically~*~*~ (stealth).
  2998 | D:4      | 2998 ||| Stepping ~*~*~tactically~*~*~ (stealth).
  3001 | D:4      | 3001 ||| Stepping ~*~*~tactically~*~*~ (stealth).
  3336 | D:4      | 3336 ||| Stepping ~*~*~tactically~*~*~ (stealth).
  3363 | D:4      | 3363 ||| READING scroll labelled DATUMNU DUCVUPU.
  3364 | D:4      | 3364 ||| DRINKING 2 fuming yellow potions.
  3364 | D:4      | Gained mutation: You passively map a small area around you.
                  | [potion of mutation]
  3364 | D:4      | Gained mutation: You are clumsy. (Dex -2) [potion of
                  | mutation]
  3364 | D:4      | Gained mutation: You are strong-willed. (Will+) [potion of
                  | mutation]
  3365 | D:4      | 3365 ||| READING 3 scrolls of identify.
  3365 | D:4      | 3365 ||| IDENTIFYING metallic brown potion
  3366 | D:4      | 3366 ||| DROPPING potion of brilliance.
  3405 | D:5      | Entered Level 5 of the Dungeon
  3582 | D:5      | 3582 ||| Stepping ~*~*~tactically~*~*~ (stealth).
  3583 | D:5      | 3583 ||| Stepping ~*~*~tactically~*~*~ (stealth).
  3584 | D:5      | 3584 ||| Stepping ~*~*~tactically~*~*~ (stealth).
  3632 | D:5      | Reached skill level 5 in Fighting
  3646 | D:5      | Found an ornate altar of the Wu Jian Council.
  3655 | D:5      | Reached * piety under Okawaru
  3656 | D:5      | Reached XP level 8. HP: 49/49 MP: 8/8
  3682 | D:5      | 3682 ||| Stepping ~*~*~tactically~*~*~ (stealth).
  3683 | D:5      | 3683 ||| Stepping ~*~*~tactically~*~*~ (stealth).
  3889 | D:5      | 3889 ||| INVOKING Heroism.
  3894 | D:5      | Reached skill level 1 in Invocations
  3945 | D:5      | 3945 ||| READING 2 scrolls of identify.
  3945 | D:5      | 3945 ||| IDENTIFYING viscous yellow potion
  4006 | D:6      | 4006 ||| Stepping ~*~*~tactically~*~*~ (stealth).
  4062 | D:6      | 4062 ||| INVOKING Heroism.
  4070 | D:6      | Reached skill level 3 in Invocations
  4089 | D:6      | Noticed Blork the orc
  4090 | D:6      | 4090 ||| Stepping ~*~*~tactically~*~*~ (hiding).
  4091 | D:6      | 4091 ||| Stepping ~*~*~tactically~*~*~ (hiding).
  4092 | D:6      | 4092 ||| Stepping ~*~*~tactically~*~*~ (hiding).
  4093 | D:6      | 4093 ||| INVOKING Heroism.
  4097 | D:6      | Killed Blork the orc
  4220 | D:6      | Noticed Menkaure
  4221 | D:6      | 4221 ||| INVOKING Heroism.
  4226 | D:6      | Killed Menkaure
  4268 | D:6      | Identified the +1 leather armour "Toaz" {rF+ Will- rCorr}
  4294 | D:6      | 4294 ||| READING scroll of enchant weapon.
  4294 | D:6      | 4294 ||| ENCHANTING +7 war axe.
  4306 | D:6      | Noticed Sigmund
  4307 | D:6      | 4307 ||| INVOKING Heroism.
  4313 | D:6      | Killed Sigmund
  4314 | D:6      | Reached skill level 6 in Fighting
  4314 | D:6      | Reached XP level 9. HP: 51/55 MP: 9/12
  4324 | D:6      | Reached ** piety under Okawaru
  4348 | D:6      | Found a shadowy altar of Dithmenos.
  4348 | D:6      | Found a snail-covered altar of Cheibriados.
  4409 | D:6      | Noticed Dowan
  4410 | D:6      | 4410 ||| Stepping ~*~*~tactically~*~*~ (hiding).
  4414 | D:6      | 4414 ||| INVOKING Heroism.
  4416 | D:6      | Killed Dowan
  4434 | D:6      | Noticed Duvessa
  4435 | D:6      | 4435 ||| INVOKING Heroism.
  4443 | D:6      | Killed Duvessa
  4453 | D:6      | Found a white marble altar of Elyvilon.
  4481 | D:6      | 4481 ||| READING scroll labelled LOUCWU DOCZI.
  4521 | D:7      | 4521 ||| PLANNING OSSUARY
  4796 | D:7      | 4796 ||| Stepping ~*~*~tactically~*~*~ (hiding).
  4798 | D:7      | 4798 ||| Stepping ~*~*~tactically~*~*~ (hiding).
  4814 | D:7      | Noticed Maggie
  4815 | D:7      | 4815 ||| Stepping ~*~*~tactically~*~*~ (stealth).
  4818 | D:7      | 4818 ||| Stepping ~*~*~tactically~*~*~ (hiding).
  4824 | D:7      | 4824 ||| INVOKING Heroism.
  4827 | D:7      | HP: 9/55 [Maggie/+0 glaive of flaming (11)]
  4828 | D:7      | 4828 ||| READING scroll of teleportation.
  4830 | D:7      | Killed Maggie
  4831 | D:7      | Reached skill level 9 in Axes
  5162 | D:7      | Found a sand-covered staircase.
  5163 | D:7      | 5163 ||| DROPPING +1 leather armour "Toaz" {rF+ Will-
                  | rCorr}.
  5164 | D:7      | 5164 ||| UPGRADING to +0 plate armour.
  5174 | D:7      | 5174 ||| DROPPING +0 chain mail.
  5175 | D:7      | 5175 ||| UPGRADING to +0 cloak.
  5180 | D:7      | 5180 ||| READING 2 scrolls of identify.
  5180 | D:7      | 5180 ||| IDENTIFYING smoky emerald potion
  5185 | Ossuary  | Entered an ossuary
  5389 | Ossuary  | 5389 ||| READING scroll of enchant armour.
  5389 | Ossuary  | 5389 ||| ENCHANTING +0 helmet.
  5503 | Ossuary  | 5503 ||| READING scroll labelled DUMUIZ WOEKHLUL.
  5540 | Ossuary  | 5540 ||| READING scroll labelled OTRU NEIG DIC.
  5541 | Ossuary  | 5541 ||| READING 3 scrolls of identify.
  5541 | Ossuary  | 5541 ||| IDENTIFYING orange potion
  5553 | D:7      | 5553 ||| PLANNING D:1-11
  5733 | D:7      | 5733 ||| Stepping ~*~*~tactically~*~*~ (hiding).
  5735 | D:7      | 5735 ||| Stepping ~*~*~tactically~*~*~ (hiding).
  5736 | D:7      | 5736 ||| Stepping ~*~*~tactically~*~*~ (hiding).
  5737 | D:7      | 5737 ||| Stepping ~*~*~tactically~*~*~ (hiding).
  5738 | D:7      | 5738 ||| Stepping ~*~*~tactically~*~*~ (hiding).
  6337 | D:8      | Identified the +6 ring mail "Jakifrosh" {+Blink rPois Int-4
                  | Dex+2}
  6362 | D:8      | 6362 ||| READING scroll of acquirement.
  6362 | D:8      | 6362 ||| ACQUIRING +4 ring of protection
  6362 | D:8      | Acquired a +4 ring of protection
  6364 | D:8      | 6364 ||| UPGRADING to +4 ring of protection.
  6378 | D:8      | 6378 ||| READING scroll of enchant weapon.
  6378 | D:8      | 6378 ||| ENCHANTING +8 war axe.
  6476 | D:8      | Reached skill level 6 in Armour
  6558 | D:8      | Found a flagged portal.
  6559 | D:8      | 6559 ||| Stepping ~*~*~tactically~*~*~ (water).
  6687 | D:8      | 6687 ||| INVOKING Heroism.
  6881 | D:8      | 6881 ||| READING 4 scrolls of identify.
  6881 | D:8      | 6881 ||| IDENTIFYING golden potion
  6903 | D:9      | 6903 ||| Stepping ~*~*~tactically~*~*~ (stealth).
  6907 | D:9      | Reached skill level 7 in Fighting
  6969 | D:9      | 6969 ||| Stepping ~*~*~tactically~*~*~ (stealth).
  6971 | D:9      | Reached XP level 10. HP: 63/63 MP: 13/13
  6975 | D:9      | Reached *** piety under Okawaru
  7185 | D:9      | Noticed Gastronok
  7186 | D:9      | 7186 ||| Stepping ~*~*~tactically~*~*~ (hiding).
  7187 | D:9      | 7187 ||| INVOKING Heroism.
  7201 | D:9      | 7201 ||| INVOKING Heroism.
  7204 | D:9      | Killed Gastronok
  7204 | D:9      | Reached **** piety under Okawaru
  7205 | D:9      | Reached skill level 9 in Fighting
  7396 | D:9      | 7396 ||| Stepping ~*~*~tactically~*~*~ (hiding).
  7403 | D:9      | 7403 ||| INVOKING Heroism.
  7404 | D:9      | 7404 ||| Stepping ~*~*~tactically~*~*~ (stealth).
  7409 | D:9      | 7409 ||| Stepping ~*~*~tactically~*~*~ (stealth).
  7610 | D:9      | 7610 ||| Stepping ~*~*~tactically~*~*~ (hiding).
  7615 | D:9      | 7615 ||| INVOKING Heroism.
  7620 | D:9      | 7620 ||| Stepping ~*~*~tactically~*~*~ (hiding).
  7801 | D:9      | 7801 ||| UPGRADING to ring of protection from cold.
  7802 | D:9      | 7802 ||| READING scroll labelled MULOVY ZEUFFA.
  7803 | D:9      | 7803 ||| READING scroll labelled TOCLIG CEIFINI.
  7826 | D:10     | Entered Level 10 of the Dungeon
  7947 | D:10     | 7947 ||| FLEEEEING.
  7948 | D:10     | 7948 ||| FLEEEEING.
  7949 | D:10     | 7949 ||| FLEEEEING.
  7950 | D:10     | 7950 ||| FLEEEEING.
  7951 | D:10     | 7951 ||| FLEEEEING.
  7952 | D:10     | 7952 ||| FLEEEEING.
  7953 | D:10     | 7953 ||| FLEEEEING.
  7954 | D:10     | 7954 ||| FLEEEEING.
  7961 | D:10     | 7961 ||| FLEEEEING.
  7962 | D:10     | 7962 ||| FLEEEEING.
  7963 | D:10     | 7963 ||| FLEEEEING.
  7964 | D:10     | 7964 ||| FLEEEEING.
  7966 | D:10     | 7966 ||| STAIRDANCE
  7994 | D:10     | 7994 ||| Stepping ~*~*~tactically~*~*~ (hiding).
  7995 | D:10     | 7995 ||| Stepping ~*~*~tactically~*~*~ (hiding).
  7996 | D:10     | 7996 ||| Stepping ~*~*~tactically~*~*~ (hiding).
  8002 | D:10     | 8002 ||| Stepping ~*~*~tactically~*~*~ (stealth).
  8089 | D:10     | 8089 ||| INVOKING Heroism.
  8100 | D:10     | Reached XP level 11. HP: 63/71 MP: 12/15
  8247 | D:10     | Noticed a soul eater
  8248 | D:10     | Reached skill level 6 in Invocations
  8278 | D:10     | 8278 ||| INVOKING Heroism.
  8320 | D:10     | 8320 ||| INVOKING Heroism.
  8335 | D:10     | Found a staircase to the Lair.
  8354 | D:10     | 8354 ||| INVOKING Heroism.
  8480 | D:10     | Found a stormy altar of Qazlal.
  8569 | D:10     | 8569 ||| INVOKING Heroism.
  8769 | D:10     | 8769 ||| PLANNING LAIR
  8769 | D:10     | 8769 ||| UPGRADING to scarf of resistance.
  8779 | D:10     | 8779 ||| READING 6 scrolls of identify.
  8779 | D:10     | 8779 ||| IDENTIFYING brown potion
  8780 | D:10     | 8780 ||| READING 5 scrolls of identify.
  8780 | D:10     | 8780 ||| IDENTIFYING purple potion
  8781 | D:10     | 8781 ||| DROPPING potion of berserk rage.
  8812 | Lair:1   | Entered Level 1 of the Lair of Beasts
  8839 | Lair:1   | Reached skill level 1 in Throwing
  8842 | Lair:1   | Received a gift from Okawaru
  9158 | Lair:1   | 9158 ||| INVOKING Heroism.
  9381 | Lair:1   | 9381 ||| INVOKING Heroism.
  9795 | Lair:2   | 9795 ||| INVOKING Heroism.
  9796 | Lair:2   | 9796 ||| Stepping ~*~*~tactically~*~*~ (stealth).
  9805 | Lair:2   | Reached ***** piety under Okawaru
  9807 | Lair:2   | 9807 ||| Stepping ~*~*~tactically~*~*~ (stealth).
  9815 | Lair:2   | 9815 ||| STAIRDANCE
  9871 | Lair:2   | 9871 ||| INVOKING Heroism.
  9879 | Lair:2   | Reached skill level 9 in Invocations
  9882 | Lair:2   | Reached skill level 12 in Axes
  9888 | Lair:2   | 9888 ||| Stepping ~*~*~tactically~*~*~ (stealth).
  9889 | Lair:2   | 9889 ||| Stepping ~*~*~tactically~*~*~ (stealth).
  9890 | Lair:2   | 9890 ||| Stepping ~*~*~tactically~*~*~ (stealth).
  9891 | Lair:2   | 9891 ||| Stepping ~*~*~tactically~*~*~ (stealth).
  9901 | Lair:2   | 9901 ||| Stepping ~*~*~tactically~*~*~ (stealth).
  9909 | Lair:2   | Reached XP level 12. HP: 60/76 MP: 18/18
  9914 | Lair:2   | Received a gift from Okawaru
  9926 | Lair:2   | 9926 ||| Stepping ~*~*~tactically~*~*~ (stealth).
  9935 | Lair:2   | 9935 ||| INVOKING Heroism.
  9942 | Lair:2   | Reached skill level 6 in Shields
 10038 | Lair:2   | Noticed a skyshark
 10044 | Lair:2   | 10044 ||| INVOKING Heroism.
 10051 | Lair:2   | Killed a skyshark
 10155 | Lair:2   | 10155 ||| INVOKING Heroism.
 10156 | Lair:2   | 10156 ||| Stepping ~*~*~tactically~*~*~ (stealth).
 10193 | Lair:2   | 10193 ||| Stepping ~*~*~tactically~*~*~ (stealth).
 10199 | Lair:2   | 10199 ||| Stepping ~*~*~tactically~*~*~ (stealth).
 10200 | Lair:2   | 10200 ||| Stepping ~*~*~tactically~*~*~ (stealth).
 10239 | Lair:2   | Found a staircase to the Snake Pit.
 10259 | Lair:2   | 10259 ||| INVOKING Heroism.
 10261 | Lair:2   | Reached skill level 9 in Armour
 10362 | Lair:2   | 10362 ||| Stepping ~*~*~tactically~*~*~ (stealth).
 10422 | Lair:2   | Noticed an eight-headed hydra
 10423 | Lair:2   | 10423 ||| INVOKING Heroism.
 10424 | Lair:2   | 10424 ||| INVOKING Finesse.
 10428 | Lair:2   | 10428 ||| SWAPPING to +2 morningstar of protection.
 10435 | Lair:2   | Killed an eight-headed hydra
 10435 | Lair:2   | Identified the +0 robe of Failure {Regen+ SInv} (Okawaru
                  | gifted it to you on level 2 of the Lair of Beasts)
 10435 | Lair:2   | Received a gift from Okawaru
 10436 | Lair:2   | 10436 ||| SWAPPING to +9 war axe.
 10484 | Lair:2   | 10484 ||| Stepping ~*~*~tactically~*~*~ (stealth).
 10485 | Lair:2   | 10485 ||| Stepping ~*~*~tactically~*~*~ (stealth).
 10487 | Lair:2   | 10487 ||| Stepping ~*~*~tactically~*~*~ (stealth).
 10488 | Lair:2   | 10488 ||| Stepping ~*~*~tactically~*~*~ (stealth).
 10489 | Lair:2   | 10489 ||| INVOKING Heroism.
 10499 | Lair:2   | Reached skill level 10 in Fighting
 10524 | Lair:2   | 10524 ||| INVOKING Heroism.
 10709 | Lair:2   | 10709 ||| Stepping ~*~*~tactically~*~*~ (stealth).
 10711 | Lair:2   | 10711 ||| INVOKING Heroism.
 10747 | Lair:2   | 10747 ||| INVOKING Heroism.
 11165 | Lair:2   | 11165 ||| UPGRADING to +0 tower shield.
 11175 | Lair:2   | 11175 ||| DROPPING +0 buckler.
 11176 | Lair:2   | 11176 ||| READING scroll labelled OTHRYC GILUE.
 11177 | Lair:2   | 11177 ||| READING 6 scrolls of identify.
 11177 | Lair:2   | 11177 ||| IDENTIFYING pink potion
 11178 | Lair:2   | 11178 ||| DRINKING potion of experience.
 11178 | Lair:2   | Reached XP level 13. HP: 82/82 MP: 20/20
 11210 | Lair:3   | 11210 ||| INVOKING Heroism.
 11235 | Lair:3   | 11235 ||| Stepping ~*~*~tactically~*~*~ (stealth).
 11241 | Lair:3   | 11241 ||| INVOKING Heroism.
 11328 | Lair:3   | 11328 ||| INVOKING Heroism.
 11460 | Lair:3   | Reached skill level 12 in Shields
 11480 | Lair:3   | 11480 ||| INVOKING Heroism.
 11628 | Lair:3   | 11628 ||| INVOKING Heroism.
 11750 | Lair:3   | 11750 ||| INVOKING Heroism.
 11755 | Lair:3   | Gained mutation: Your large and strong wings let you fly.
                  | [Gargoyle growth]
 11755 | Lair:3   | Reached XP level 14. HP: 72/88 MP: 18/21
 11864 | Lair:3   | 11864 ||| INVOKING Heroism.
 11990 | Lair:3   | 11990 ||| INVOKING Heroism.
 12060 | Lair:3   | 12060 ||| FLEEEEING.
 12061 | Lair:3   | 12061 ||| Stepping ~*~*~tactically~*~*~ (stealth).
 12064 | Lair:3   | 12064 ||| Stepping ~*~*~tactically~*~*~ (stealth).
 12092 | Lair:3   | 12092 ||| INVOKING Heroism.
 12114 | Lair:3   | 12114 ||| INVOKING Heroism.
 12216 | Lair:3   | 12216 ||| READING scroll of enchant armour.
 12216 | Lair:3   | 12216 ||| ENCHANTING +1 helmet.
 12342 | Lair:3   | 12342 ||| INVOKING Heroism.
 12343 | Lair:3   | 12343 ||| SWAPPING to +2 morningstar of protection.
 12355 | Lair:3   | 12355 ||| SWAPPING to +9 war axe.
 12747 | Lair:3   | 12747 ||| Stepping ~*~*~tactically~*~*~ (stealth).
 12750 | Lair:3   | 12750 ||| Stepping ~*~*~tactically~*~*~ (stealth).
 12751 | Lair:3   | 12751 ||| Stepping ~*~*~tactically~*~*~ (stealth).
 12859 | Lair:3   | Reached skill level 15 in Shields
 12901 | Lair:3   | 12901 ||| Stepping ~*~*~tactically~*~*~ (stealth).
 13035 | Lair:3   | 13035 ||| DROPPING +0 morningstar of protection.
 13048 | Lair:3   | 13048 ||| Stepping ~*~*~tactically~*~*~ (stealth).
 13078 | Lair:3   | Found a staircase to the Shoals.
 13185 | Lair:3   | 13185 ||| Stepping ~*~*~tactically~*~*~ (stealth).
 13291 | Lair:3   | 13291 ||| Stepping ~*~*~tactically~*~*~ (hiding).
 13734 | Lair:3   | 13734 ||| Stepping ~*~*~tactically~*~*~ (stealth).
 13738 | Lair:3   | 13738 ||| Stepping ~*~*~tactically~*~*~ (stealth).
 13792 | Lair:3   | 13792 ||| READING scroll labelled NIECIKHL TEOR.
 13893 | Lair:3   | 13893 ||| READING 5 scrolls of identify.
 13893 | Lair:3   | 13893 ||| IDENTIFYING glowing blue potion
 13894 | Lair:3   | 13894 ||| READING 4 scrolls of identify.
 13894 | Lair:3   | 13894 ||| IDENTIFYING metallic black potion
 13895 | Lair:3   | 13895 ||| DROPPING potion of degeneration.
 14022 | Lair:4   | 14022 ||| STAIRDANCE
 14149 | Lair:4   | 14149 ||| Stepping ~*~*~tactically~*~*~ (stealth).
 14175 | Lair:4   | 14175 ||| STAIRDANCE
 14181 | Lair:3   | 14181 ||| INVOKING Heroism.
 14270 | Lair:4   | 14270 ||| STAIRDANCE
 14281 | Lair:3   | 14281 ||| INVOKING Heroism.
 14457 | Lair:4   | 14457 ||| Stepping ~*~*~tactically~*~*~ (stealth).
 14459 | Lair:4   | 14459 ||| Stepping ~*~*~tactically~*~*~ (stealth).
 14460 | Lair:4   | 14460 ||| Stepping ~*~*~tactically~*~*~ (stealth).
 14467 | Lair:4   | 14467 ||| Stepping ~*~*~tactically~*~*~ (stealth).
 14646 | Lair:4   | Reached ****** piety under Okawaru
 14692 | Lair:4   | Reached XP level 15. HP: 92/92 MP: 22/22
 14708 | Lair:4   | 14708 ||| Stepping ~*~*~tactically~*~*~ (hiding).
 14727 | Lair:4   | Identified the +3 ring mail of Teajun {Regen+ rCorr Stlth+}
 14891 | Lair:4   | 14891 ||| Stepping ~*~*~tactically~*~*~ (stealth).
 15033 | Lair:4   | Found a viscous altar of Jiyva.
 15034 | Lair:4   | 15034 ||| Stepping ~*~*~tactically~*~*~ (stealth).
 15036 | Lair:4   | 15036 ||| Stepping ~*~*~tactically~*~*~ (stealth).
 15051 | Lair:4   | 15051 ||| INVOKING Heroism.
 15145 | Lair:4   | Found a staircase to the Slime Pits.
 15198 | Lair:4   | 15198 ||| DROPPING +2 acid dragon scales.
 15317 | Lair:3   | 15317 ||| UPGRADING to amulet of the acrobat.
 15453 | Lair:5   | Entered Level 5 of the Lair of Beasts
 15552 | Lair:5   | Reached skill level 11 in Fighting
 15589 | Lair:5   | Received a gift from Okawaru
 15613 | Lair:5   | 15613 ||| SWAPPING to +2 broad axe of draining.
 15614 | Lair:5   | 15614 ||| READING scroll of enchant weapon.
 15614 | Lair:5   | 15614 ||| ENCHANTING +2 broad axe of draining.
 15665 | Lair:5   | 15665 ||| READING scroll of enchant weapon.
 15665 | Lair:5   | 15665 ||| ENCHANTING +3 broad axe of draining.
 15676 | Lair:5   | 15676 ||| FLEEEEING.
 15678 | Lair:5   | 15678 ||| FLEEEEING.
 15679 | Lair:5   | 15679 ||| FLEEEEING.
 15761 | Lair:5   | 15761 ||| Stepping ~*~*~tactically~*~*~ (stealth).
 15960 | Lair:5   | 15960 ||| Stepping ~*~*~tactically~*~*~ (stealth).
 15974 | Lair:5   | 15974 ||| FLEEEEING.
 16047 | Lair:5   | 16047 ||| Stepping ~*~*~tactically~*~*~ (stealth).
 16077 | Lair:5   | 16077 ||| INVOKING Heroism.
 16078 | Lair:5   | 16078 ||| INVOKING Finesse.
 16107 | Lair:5   | 16107 ||| SWAPPING to +2 morningstar of protection.
 16120 | Lair:5   | 16120 ||| SWAPPING to +4 broad axe of draining.
 16281 | Lair:5   | 16281 ||| Stepping ~*~*~tactically~*~*~ (stealth).
 16282 | Lair:5   | Found a large runed translucent door.
 16283 | Lair:5   | 16283 ||| Stepping ~*~*~tactically~*~*~ (stealth).
 16284 | Lair:5   | Found a large runed translucent door.
 16299 | Lair:5   | 16299 ||| Stepping ~*~*~tactically~*~*~ (stealth).
 16337 | Lair:5   | 16337 ||| Stepping ~*~*~tactically~*~*~ (stealth).
 16338 | Lair:5   | 16338 ||| Stepping ~*~*~tactically~*~*~ (stealth).
 16339 | Lair:5   | 16339 ||| Stepping ~*~*~tactically~*~*~ (stealth).
 16340 | Lair:5   | 16340 ||| Stepping ~*~*~tactically~*~*~ (stealth).
 16341 | Lair:5   | 16341 ||| Stepping ~*~*~tactically~*~*~ (stealth).
 16342 | Lair:5   | 16342 ||| Stepping ~*~*~tactically~*~*~ (stealth).
 16343 | Lair:5   | 16343 ||| Stepping ~*~*~tactically~*~*~ (stealth).
 16534 | Lair:5   | 16534 ||| INVOKING Heroism.
 16557 | Lair:5   | 16557 ||| Stepping ~*~*~tactically~*~*~ (stealth).
 16617 | Lair:5   | 16617 ||| READING scroll of enchant weapon.
 16617 | Lair:5   | 16617 ||| ENCHANTING +4 broad axe of draining.
 16663 | Lair:5   | 16663 ||| Stepping ~*~*~tactically~*~*~ (stealth).
 16672 | Lair:5   | Reached skill level 15 in Axes
 16884 | Lair:5   | 16884 ||| PLANNING D:1-11
 17188 | D:11     | Noticed Josephine
 17196 | D:11     | Killed Josephine
 17220 | D:11     | Noticed Grum
 17221 | D:11     | 17221 ||| Stepping ~*~*~tactically~*~*~ (hiding).
 17237 | D:11     | Killed Grum
 17237 | D:11     | Received a gift from Okawaru
 17241 | D:11     | Noticed Nergalle
 17242 | D:11     | 17242 ||| FLEEEEING.
 17281 | D:11     | 17281 ||| Stepping ~*~*~tactically~*~*~ (stealth).
 17282 | D:11     | 17282 ||| Stepping ~*~*~tactically~*~*~ (stealth).
 17339 | D:11     | 17339 ||| FLEEEEING.
 17340 | D:11     | 17340 ||| FLEEEEING.
 17341 | D:11     | 17341 ||| FLEEEEING.
 17342 | D:11     | 17342 ||| FLEEEEING.
 17349 | D:11     | 17349 ||| FLEEEEING.
 17350 | D:11     | 17350 ||| FLEEEEING.
 17415 | D:11     | 17415 ||| Stepping ~*~*~tactically~*~*~ (stealth).
 17422 | D:11     | 17422 ||| Stepping ~*~*~tactically~*~*~ (hiding).
 17423 | D:11     | 17423 ||| Stepping ~*~*~tactically~*~*~ (hiding).
 17435 | D:11     | Killed Nergalle
 17686 | D:11     | 17686 ||| PLANNING D
 17741 | D:12     | Reached skill level 12 in Fighting
 17745 | D:12     | Found a staircase to the Orcish Mines.
 17750 | D:12     | 17750 ||| READING 3 scrolls of enchant armour.
 17750 | D:12     | 17750 ||| ENCHANTING +0 plate armour.
 17763 | D:12     | 17763 ||| READING 2 scrolls of enchant armour.
 17763 | D:12     | 17763 ||| ENCHANTING +1 plate armour.
 17764 | D:12     | 17764 ||| READING scroll of enchant armour.
 17764 | D:12     | 17764 ||| ENCHANTING +2 plate armour.
 17767 | D:12     | 17767 ||| Stepping ~*~*~tactically~*~*~ (hiding).
 17768 | D:12     | 17768 ||| Stepping ~*~*~tactically~*~*~ (hiding).
 17770 | D:12     | 17770 ||| Stepping ~*~*~tactically~*~*~ (hiding).
 17771 | D:12     | 17771 ||| Stepping ~*~*~tactically~*~*~ (hiding).
 17840 | D:12     | 17840 ||| Stepping ~*~*~tactically~*~*~ (stealth).
 17842 | D:12     | 17842 ||| Stepping ~*~*~tactically~*~*~ (hiding).
 17843 | D:12     | 17843 ||| Stepping ~*~*~tactically~*~*~ (hiding).
 17943 | D:12     | 17943 ||| Stepping ~*~*~tactically~*~*~ (hiding).
 17945 | D:12     | 17945 ||| Stepping ~*~*~tactically~*~*~ (hiding).
 18027 | D:12     | 18027 ||| Stepping ~*~*~tactically~*~*~ (hiding).
 18612 | D:12     | 18612 ||| DROPPING amulet of magic regeneration.
 18714 | D:13     | 18714 ||| FLEEEEING.
 18715 | D:13     | 18715 ||| FLEEEEING.
 18716 | D:13     | 18716 ||| FLEEEEING.
 18717 | D:13     | 18717 ||| FLEEEEING.
 18718 | D:13     | 18718 ||| FLEEEEING.
 18719 | D:13     | 18719 ||| FLEEEEING.
 18720 | D:13     | 18720 ||| FLEEEEING.
 18721 | D:13     | 18721 ||| FLEEEEING.
 18723 | D:13     | 18723 ||| Stepping ~*~*~tactically~*~*~ (hiding).
 18724 | D:13     | 18724 ||| Stepping ~*~*~tactically~*~*~ (hiding).
 18725 | D:13     | 18725 ||| INVOKING Heroism.
 18726 | D:13     | 18726 ||| SWAPPING to +2 morningstar of protection.
 18727 | D:13     | 18727 ||| INVOKING Finesse.
 18733 | D:13     | 18733 ||| SWAPPING to +5 broad axe of draining.
 18779 | D:13     | 18779 ||| READING scroll of brand weapon.
 18779 | D:13     | 18779 ||| BRANDING +5 broad axe of draining.
 18780 | D:13     | 18780 ||| DROPPING +9 war axe.
 18798 | D:13     | 18798 ||| Stepping ~*~*~tactically~*~*~ (stealth).
 18799 | D:13     | 18799 ||| Stepping ~*~*~tactically~*~*~ (stealth).
 18906 | D:13     | 18906 ||| Stepping ~*~*~tactically~*~*~ (stealth).
 18907 | D:13     | 18907 ||| Stepping ~*~*~tactically~*~*~ (stealth).
 19009 | D:13     | Reached XP level 16. HP: 92/101 MP: 23/23
 19068 | D:13     | 19068 ||| Stepping ~*~*~tactically~*~*~ (hiding).
 19206 | D:13     | 19206 ||| READING scroll of brand weapon.
 19206 | D:13     | 19206 ||| BRANDING +5 broad axe of freezing.
 19258 | D:13     | 19258 ||| Stepping ~*~*~tactically~*~*~ (hiding).
 19259 | D:13     | 19259 ||| Stepping ~*~*~tactically~*~*~ (hiding).
 19499 | D:14     | Received a gift from Okawaru
 19520 | D:14     | 19520 ||| Stepping ~*~*~tactically~*~*~ (hiding).
 19588 | D:14     | 19588 ||| INVOKING Heroism.
 19589 | D:14     | 19589 ||| SWAPPING to +2 morningstar of protection.
 19590 | D:14     | 19590 ||| INVOKING Finesse.
 19598 | D:14     | 19598 ||| SWAPPING to +5 broad axe of protection.
 19739 | D:14     | 19739 ||| INVOKING Heroism.
 19751 | D:14     | 19751 ||| Stepping ~*~*~tactically~*~*~ (stealth).
 19781 | D:14     | HP: 18/101 [acid dragon/splash of acid (16)]
 19782 | D:14     | 19782 ||| READING 3 scrolls of teleportation.
 19783 | D:14     | 19783 ||| DRINKING 4 potions of heal wounds.
 19786 | D:14     | 19786 ||| INVOKING Heroism.
 19995 | D:14     | 19995 ||| Stepping ~*~*~tactically~*~*~ (stealth).
 20125 | D:14     | 20125 ||| Stepping ~*~*~tactically~*~*~ (hiding).
 20210 | D:14     | 20210 ||| Stepping ~*~*~tactically~*~*~ (hiding).
 20212 | D:14     | 20212 ||| Stepping ~*~*~tactically~*~*~ (hiding).
 20227 | D:14     | 20227 ||| INVOKING Heroism.
 20251 | D:14     | 20251 ||| Stepping ~*~*~tactically~*~*~ (hiding).
 20252 | D:14     | 20252 ||| Stepping ~*~*~tactically~*~*~ (hiding).
 20265 | D:14     | HP: 19/98 [something/bolt of negative energy (17)]
 20266 | D:14     | 20266 ||| READING 2 scrolls of teleportation.
 20267 | D:14     | 20267 ||| DRINKING 3 potions of heal wounds.
 20268 | D:14     | 20268 ||| INVOKING Heroism.
 20275 | D:14     | 20275 ||| Stepping ~*~*~tactically~*~*~ (stealth).
 20290 | D:14     | 20290 ||| Stepping ~*~*~tactically~*~*~ (stealth).
 20295 | D:14     | 20295 ||| Stepping ~*~*~tactically~*~*~ (hiding).
 20296 | D:14     | 20296 ||| Stepping ~*~*~tactically~*~*~ (hiding).
 20298 | D:14     | 20298 ||| Stepping ~*~*~tactically~*~*~ (hiding).
 20299 | D:14     | 20299 ||| Stepping ~*~*~tactically~*~*~ (hiding).
 20300 | D:14     | 20300 ||| Stepping ~*~*~tactically~*~*~ (hiding).
 20301 | D:14     | 20301 ||| Stepping ~*~*~tactically~*~*~ (hiding).
 20315 | D:14     | Received a gift from Okawaru
 20327 | D:14     | 20327 ||| INVOKING Heroism.
 20403 | D:14     | 20403 ||| INVOKING Heroism.
 20501 | D:14     | 20501 ||| Stepping ~*~*~tactically~*~*~ (hiding).
 20502 | D:14     | 20502 ||| Stepping ~*~*~tactically~*~*~ (hiding).
 20504 | D:14     | 20504 ||| Stepping ~*~*~tactically~*~*~ (hiding).
 20505 | D:14     | 20505 ||| Stepping ~*~*~tactically~*~*~ (hiding).
 20540 | D:14     | 20540 ||| READING scroll of enchant weapon.
 20540 | D:14     | 20540 ||| ENCHANTING +5 broad axe of protection.
 20605 | D:14     | Noticed Rupert
 20606 | D:14     | 20606 ||| INVOKING Heroism.
 20607 | D:14     | 20607 ||| INVOKING Finesse.
 20615 | D:14     | Killed Rupert
 20705 | D:14     | 20705 ||| INVOKING Heroism.
 20717 | D:14     | 20717 ||| Stepping ~*~*~tactically~*~*~ (hiding).
 20725 | D:14     | HP: 18/101 [yaktaur/bolt (17)]
 20726 | D:14     | 20726 ||| READING 2 scrolls of teleportation.
 20727 | D:14     | 20727 ||| DRINKING 2 potions of heal wounds.
 20730 | D:14     | Noticed Frances
 20971 | D:14     | Found the +12 glaive of Prune {freeze, Prune}
 21009 | D:14     | 21009 ||| INVOKING Heroism.
 21010 | D:14     | 21010 ||| Stepping ~*~*~tactically~*~*~ (stealth).
 21019 | D:14     | 21019 ||| INVOKING Finesse.
 21024 | D:14     | 21024 ||| Stepping ~*~*~tactically~*~*~ (hiding).
 21036 | D:14     | Killed Frances
 21058 | D:14     | 21058 ||| Stepping ~*~*~tactically~*~*~ (hiding).
 21154 | D:14     | 21154 ||| Stepping ~*~*~tactically~*~*~ (stealth).
 21156 | D:14     | 21156 ||| Stepping ~*~*~tactically~*~*~ (hiding).
 21305 | D:14     | 21305 ||| Stepping ~*~*~tactically~*~*~ (hiding).
 21456 | D:14     | Found a gate to the Vaults.
 21699 | D:14     | 21699 ||| UPGRADING to +2 plate armour of fire resistance.
 21775 | D:14     | Noticed Kirke
 21776 | D:14     | 21776 ||| INVOKING Heroism.
 21784 | D:14     | 21784 ||| DRINKING 3 potions of cancellation.
 21799 | D:14     | Killed Kirke
 21816 | D:15     | Entered Level 15 of the Dungeon
 21871 | D:15     | Noticed Jorgrun
 21871 | D:15     | 21871 ||| INVOKING Heroism.
 21889 | D:15     | Killed Jorgrun
 22095 | D:15     | Noticed Nessos
 22116 | D:15     | 22116 ||| INVOKING Heroism.
 22135 | D:15     | Killed Nessos
 22209 | D:15     | 22209 ||| Stepping ~*~*~tactically~*~*~ (stealth).
 22219 | D:15     | 22219 ||| Stepping ~*~*~tactically~*~*~ (stealth).
 22240 | D:15     | Identified the +4 ring mail "Xofaj" {rF+ rC+}
 22268 | D:15     | 22268 ||| Stepping ~*~*~tactically~*~*~ (hiding).
 22290 | D:15     | Found a staircase to the Depths.
 22595 | D:15     | 22595 ||| Stepping ~*~*~tactically~*~*~ (hiding).
 22755 | D:15     | 22755 ||| INVOKING Heroism.
 22759 | D:15     | Paralysed by an ogre mage for 4 turns
 22768 | D:15     | Reached skill level 13 in Fighting
 22829 | D:15     | 22829 ||| Stepping ~*~*~tactically~*~*~ (stealth).
 22831 | D:15     | 22831 ||| Stepping ~*~*~tactically~*~*~ (stealth).
 22832 | D:15     | 22832 ||| Stepping ~*~*~tactically~*~*~ (stealth).
 22846 | D:15     | 22846 ||| Stepping ~*~*~tactically~*~*~ (stealth).
 22885 | D:15     | Identified the +0 chain mail of Discretion {Str+3 Dex+3
                  | Slay+3}
 23071 | D:15     | 23071 ||| INVOKING Heroism.
 23085 | D:15     | Reached XP level 17. HP: 106/108 MP: 24/24
 23266 | D:15     | 23266 ||| PLANNING ORC
 23266 | D:15     | 23266 ||| DROPPING +0 cloak.
 23267 | D:15     | 23267 ||| DROPPING +0 chain mail of Discretion {Str+3 Dex+3
                  | Slay+3}.
 23355 | Orc:1    | Entered Level 1 of the Orcish Mines
 23383 | Orc:1    | 23383 ||| Stepping ~*~*~tactically~*~*~ (stealth).
 23384 | Orc:1    | 23384 ||| Stepping ~*~*~tactically~*~*~ (stealth).
 23470 | Orc:1    | Found a runed translucent gate.
 23470 | Orc:1    | Found a runed translucent gate.
 23472 | Orc:1    | Found a runed translucent gate.
 23532 | Orc:1    | Noticed sand's ghost (journeyman HOFi)
 23551 | Orc:1    | 23551 ||| Stepping ~*~*~tactically~*~*~ (stealth).
 23558 | Orc:1    | 23558 ||| Stepping ~*~*~tactically~*~*~ (stealth).
 23566 | Orc:1    | 23566 ||| Stepping ~*~*~tactically~*~*~ (hiding).
 23576 | Orc:1    | Gained mutation: You are weak. (Str -2) [a neqoxec]
 23577 | Orc:1    | Gained mutation: You sometimes lose your temper in combat.
                  | [a neqoxec]
 23617 | Orc:1    | 23617 ||| DRINKING 6 potions of mutation.
 23617 | Orc:1    | Lost mutation: You sometimes lose your temper in combat.
                  | [potion of mutation]
 23617 | Orc:1    | Lost mutation: You are weak. (Str -2) [potion of mutation]
 23617 | Orc:1    | Gained mutation: You have supernaturally acute eyesight.
                  | (SInv) [potion of mutation]
 23617 | Orc:1    | Gained mutation: You expend magic power (3 MP) to
                  | strengthen your wands. [potion of mutation]
 23617 | Orc:1    | Gained mutation: You have sharp toenails. [potion of
                  | mutation]
 23683 | Orc:1    | 23683 ||| Stepping ~*~*~tactically~*~*~ (stealth).
 23687 | Orc:1    | 23687 ||| Stepping ~*~*~tactically~*~*~ (stealth).
 23724 | Orc:1    | 23724 ||| Stepping ~*~*~tactically~*~*~ (stealth).
 23726 | Orc:1    | 23726 ||| Stepping ~*~*~tactically~*~*~ (stealth).
 23946 | Orc:2    | Entered Level 2 of the Orcish Mines
 24133 | Orc:2    | 24133 ||| INVOKING Heroism.
 24143 | Orc:2    | HP: 26/108 [orc warrior/+0 dire flail[an orc warlord] (7)]
 24144 | Orc:2    | 24144 ||| READING scroll of teleportation.
 24145 | Orc:2    | 24145 ||| DRINKING potion of heal wounds.
 24148 | Orc:2    | Reached skill level 12 in Armour
 24157 | Orc:2    | Noticed Erolcha
 24172 | Orc:2    | Killed Erolcha
 24314 | Orc:2    | 24314 ||| INVOKING Heroism.
 24365 | Orc:2    | 24365 ||| INVOKING Heroism.
 24376 | Orc:2    | Found Moghudgh's Jewellery Shoppe.
 24475 | Orc:2    | Found Zosaiw's Antique Weapon Shoppe.
 24507 | Orc:2    | 24507 ||| BUYING +4 ring of protection (504 gold).
 24507 | Orc:2    | Bought a +4 ring of protection for 504 gold pieces
 24507 | Orc:2    | 24507 ||| BUYING +5 ring of evasion (504 gold).
 24507 | Orc:2    | Bought a +5 ring of evasion for 504 gold pieces
 24507 | Orc:2    | 24507 ||| BUYING ring of ice (350 gold).
 24507 | Orc:2    | Bought a ring of ice for 350 gold pieces
 24656 | Orc:2    | Found Ojudavenn's General Store.
 24663 | Orc:2    | 24663 ||| BUYING scroll of enchant armour (120 gold).
 24663 | Orc:2    | Bought a scroll of enchant armour for 120 gold pieces
 24663 | Orc:2    | 24663 ||| READING scroll of enchant armour.
 24663 | Orc:2    | 24663 ||| ENCHANTING +2 plate armour of fire resistance.
 24764 | Orc:2    | Found a staircase to the Elven Halls.
 24922 | Orc:2    | Found Qejig's Antique Armour Shoppe.
 24928 | Orc:2    | 24928 ||| BUYING glowing hat (189 gold).
 24928 | Orc:2    | Bought a glowing hat for 189 gold pieces
 24992 | Orc:2    | 24992 ||| PLANNING SHOALS:1-3
 24992 | Orc:2    | 24992 ||| DROPPING +3 plate armour.
 24993 | Orc:2    | 24993 ||| DROPPING +2 hat.
 24994 | Orc:2    | 24994 ||| UPGRADING to +4 ring of protection.
 24996 | Orc:2    | 24996 ||| UPGRADING to +5 ring of evasion.
 24998 | Orc:2    | 24998 ||| DROPPING +4 ring of protection.
 25219 | Shoals:1 | Entered Level 1 of the Shoals
 25245 | Shoals:1 | 25245 ||| INVOKING Heroism.
 25291 | Shoals:1 | 25291 ||| Stepping ~*~*~tactically~*~*~ (hiding).
 25292 | Shoals:1 | 25292 ||| Stepping ~*~*~tactically~*~*~ (hiding).
 25412 | Shoals:1 | 25412 ||| Stepping ~*~*~tactically~*~*~ (hiding).
 25587 | Shoals:1 | Received a gift from Okawaru
 25616 | Shoals:1 | 25616 ||| INVOKING Heroism.
 25634 | Shoals:1 | Reached skill level 3 in Throwing
 25818 | Shoals:1 | 25818 ||| INVOKING Heroism.
 25906 | Shoals:1 | 25906 ||| Stepping ~*~*~tactically~*~*~ (hiding).
 26226 | Shoals:1 | 26226 ||| DROPPING +4 ring of slaying {mikee}.
 26522 | Shoals:2 | 26522 ||| READING scroll of enchant weapon.
 26522 | Shoals:2 | 26522 ||| ENCHANTING +6 broad axe of protection.
 26538 | Shoals:2 | 26538 ||| INVOKING Heroism.
 26588 | Shoals:2 | 26588 ||| INVOKING Heroism.
 26608 | Shoals:2 | 26608 ||| Stepping ~*~*~tactically~*~*~ (hiding).
 26650 | Shoals:2 | 26650 ||| Stepping ~*~*~tactically~*~*~ (hiding).
 26652 | Shoals:2 | 26652 ||| Stepping ~*~*~tactically~*~*~ (hiding).
 26656 | Shoals:2 | 26656 ||| INVOKING Heroism.
 26700 | Shoals:2 | Received a gift from Okawaru
 26926 | Shoals:2 | Reached skill level 6 in Throwing
 26957 | Shoals:2 | 26957 ||| INVOKING Heroism.
 27264 | Shoals:3 | 27264 ||| INVOKING Heroism.
 27294 | Shoals:3 | Noticed Ilsuiw
 27311 | Shoals:3 | 27311 ||| INVOKING Heroism.
 27348 | Shoals:3 | Killed Ilsuiw
 27552 | Shoals:3 | Reached skill level 18 in Axes
 27619 | Shoals:3 | 27619 ||| INVOKING Heroism.
 27751 | Shoals:3 | Noticed a kraken
 27766 | Shoals:3 | Killed a kraken
 27896 | Shoals:3 | Found Miseseal's Merfolk Magic.
 27896 | Shoals:3 | Found Miseseal's Visitors' Centre.
 27900 | Shoals:3 | 27900 ||| INVOKING Heroism.
 27920 | Shoals:3 | Found Miseseal's Merfolk Armours.
 27920 | Shoals:3 | Found Miseseal's Merfolk Weapons.
 27965 | Shoals:3 | 27965 ||| SHOPLISTING amulet "Harawn" {Acrobat rF- Will++
                  | Str+5} (817 gold, have 795).
 27968 | Shoals:3 | 27968 ||| INVOKING Heroism.
 28003 | Shoals:3 | 28003 ||| BUYING scroll of teleportation (300 gold).
 28003 | Shoals:3 | Bought a scroll of teleportation for 300 gold pieces
 28390 | Shoals:3 | 28390 ||| PLANNING SNAKE:1-3
 28554 | Snake:1  | Entered Level 1 of the Snake Pit
 28560 | Snake:1  | Received a gift from Okawaru
 28647 | Snake:1  | 28647 ||| Stepping ~*~*~tactically~*~*~ (stealth).
 28656 | Snake:1  | Reached XP level 18. HP: 94/116 MP: 17/25
 28665 | Snake:1  | 28665 ||| Stepping ~*~*~tactically~*~*~ (hiding).
 28715 | Snake:1  | 28715 ||| DROPPING +2 morningstar of protection.
 28841 | Snake:1  | 28841 ||| Stepping ~*~*~tactically~*~*~ (hiding).
 28844 | Snake:1  | 28844 ||| Stepping ~*~*~tactically~*~*~ (stealth).
 28845 | Snake:1  | 28845 ||| INVOKING Heroism.
 28856 | Snake:1  | Received a gift from Okawaru
 28995 | Snake:1  | Noticed Aizul
 28996 | Snake:1  | 28996 ||| INVOKING Heroism.
 29006 | Snake:1  | Reached skill level 14 in Fighting
 29016 | Snake:1  | Reached skill level 18 in Shields
 29033 | Snake:1  | Killed Aizul
 29037 | Snake:1  | Found a shadowy altar of Dithmenos.
 29092 | Snake:1  | Found a runed translucent door.
 29104 | Snake:1  | Found a shimmering altar of Xom.
 29104 | Snake:1  | Noticed qw's ghost (adept GrHu)
 29105 | Snake:1  | Identified the +2 halberd "Painobups" {chaos, rF++ rCorr
                  | MP+9 Dex-4}
 29210 | Snake:1  | 29210 ||| UPGRADING to +0 pair of boots.
 29242 | Snake:2  | 29242 ||| INVOKING Heroism.
 29255 | Snake:2  | 29255 ||| INVOKING Heroism.
 29256 | Snake:2  | Received a gift from Okawaru
 29282 | Snake:2  | 29282 ||| Stepping ~*~*~tactically~*~*~ (hiding).
 29338 | Snake:2  | 29338 ||| Stepping ~*~*~tactically~*~*~ (hiding).
 29486 | Snake:2  | 29486 ||| Stepping ~*~*~tactically~*~*~ (stealth).
 29518 | Snake:2  | Received a gift from Okawaru
 29542 | Snake:2  | 29542 ||| Stepping ~*~*~tactically~*~*~ (hiding).
 29600 | Snake:2  | Found Erchoach's Distillery.
 29603 | Snake:2  | 29603 ||| BUYING potion of attraction (48 gold).
 29603 | Snake:2  | Bought a potion of attraction for 48 gold pieces
 29603 | Snake:2  | 29603 ||| BUYING potion of cancellation (128 gold).
 29603 | Snake:2  | Bought a potion of cancellation for 128 gold pieces
 29603 | Snake:2  | 29603 ||| BUYING potion of curing (48 gold).
 29603 | Snake:2  | Bought a potion of curing for 48 gold pieces
 29603 | Snake:2  | 29603 ||| BUYING potion of magic (128 gold).
 29603 | Snake:2  | Bought a potion of magic for 128 gold pieces
 29603 | Snake:2  | 29603 ||| BUYING potion of resistance (160 gold).
 29603 | Snake:2  | Bought a potion of resistance for 160 gold pieces
 29770 | Snake:2  | 29770 ||| Stepping ~*~*~tactically~*~*~ (hiding).
 29816 | Snake:2  | 29816 ||| Stepping ~*~*~tactically~*~*~ (hiding).
 29844 | Snake:2  | 29844 ||| INVOKING Heroism.
 30025 | Snake:2  | Received a gift from Okawaru
 30032 | Snake:2  | 30032 ||| INVOKING Heroism.
 30206 | Snake:2  | 30206 ||| INVOKING Heroism.
 30590 | Snake:2  | 30590 ||| Stepping ~*~*~tactically~*~*~ (stealth).
 30664 | Snake:2  | 30664 ||| Stepping ~*~*~tactically~*~*~ (hiding).
 30690 | Snake:2  | 30690 ||| Stepping ~*~*~tactically~*~*~ (stealth).
 30692 | Snake:2  | 30692 ||| Stepping ~*~*~tactically~*~*~ (hiding).
 30694 | Snake:2  | 30694 ||| Stepping ~*~*~tactically~*~*~ (hiding).
 30772 | Snake:2  | 30772 ||| Stepping ~*~*~tactically~*~*~ (hiding).
 30777 | Snake:2  | 30777 ||| Stepping ~*~*~tactically~*~*~ (hiding).
 30812 | Snake:2  | 30812 ||| Stepping ~*~*~tactically~*~*~ (hiding).
 31264 | Snake:3  | 31264 ||| INVOKING Heroism.
 31307 | Snake:3  | 31307 ||| Stepping ~*~*~tactically~*~*~ (hiding).
 31308 | Snake:3  | 31308 ||| Stepping ~*~*~tactically~*~*~ (hiding).
 31309 | Snake:3  | 31309 ||| Stepping ~*~*~tactically~*~*~ (hiding).
 31323 | Snake:3  | 31323 ||| Stepping ~*~*~tactically~*~*~ (hiding).
 31325 | Snake:3  | 31325 ||| Stepping ~*~*~tactically~*~*~ (hiding).
 31333 | Snake:3  | 31333 ||| Stepping ~*~*~tactically~*~*~ (hiding).
 31334 | Snake:3  | 31334 ||| Stepping ~*~*~tactically~*~*~ (hiding).
 31338 | Snake:3  | 31338 ||| Stepping ~*~*~tactically~*~*~ (hiding).
 31489 | Snake:3  | 31489 ||| Stepping ~*~*~tactically~*~*~ (stealth).
 31515 | Snake:3  | 31515 ||| INVOKING Heroism.
 31532 | Snake:3  | Received a gift from Okawaru
 31766 | Snake:3  | 31766 ||| Stepping ~*~*~tactically~*~*~ (hiding).
 31767 | Snake:3  | 31767 ||| Stepping ~*~*~tactically~*~*~ (hiding).
 31769 | Snake:3  | 31769 ||| Stepping ~*~*~tactically~*~*~ (hiding).
 31770 | Snake:3  | 31770 ||| Stepping ~*~*~tactically~*~*~ (hiding).
 31776 | Snake:3  | 31776 ||| INVOKING Heroism.
 31795 | Snake:3  | 31795 ||| Stepping ~*~*~tactically~*~*~ (hiding).
 31990 | Snake:3  | 31990 ||| Stepping ~*~*~tactically~*~*~ (hiding).
 32163 | Snake:3  | 32163 ||| Stepping ~*~*~tactically~*~*~ (hiding).
 32166 | Snake:3  | 32166 ||| INVOKING Heroism.
 32397 | Snake:3  | 32397 ||| Stepping ~*~*~tactically~*~*~ (hiding).
 32399 | Snake:3  | 32399 ||| Stepping ~*~*~tactically~*~*~ (hiding).
 32418 | Snake:3  | 32418 ||| INVOKING Heroism.
 32567 | Snake:3  | 32567 ||| Stepping ~*~*~tactically~*~*~ (hiding).
 32585 | Snake:3  | 32585 ||| Stepping ~*~*~tactically~*~*~ (hiding).
 32587 | Snake:3  | 32587 ||| Stepping ~*~*~tactically~*~*~ (hiding).
 33089 | Snake:3  | 33089 ||| PLANNING SHOALS:4
 33089 | Snake:3  | 33089 ||| UPGRADING to +1 tower shield of protection.
 33099 | Snake:3  | 33099 ||| DROPPING +0 tower shield.
 33100 | Snake:3  | 33100 ||| DROPPING ring of positive energy.
 33331 | Shoals:4 | Entered Level 4 of the Shoals
 33351 | Shoals:4 | Received a gift from Okawaru
 33352 | Shoals:4 | Reached skill level 15 in Fighting
 33363 | Shoals:4 | 33363 ||| FLEEEEING.
 33364 | Shoals:4 | 33364 ||| FLEEEEING.
 33365 | Shoals:4 | 33365 ||| FLEEEEING.
 33366 | Shoals:4 | 33366 ||| FLEEEEING.
 33367 | Shoals:4 | 33367 ||| FLEEEEING.
 33368 | Shoals:4 | 33368 ||| FLEEEEING.
 33369 | Shoals:4 | 33369 ||| STAIRDANCE
 33426 | Shoals:4 | Reached skill level 3 in Dodging
 33483 | Shoals:4 | 33483 ||| Stepping ~*~*~tactically~*~*~ (stealth).
 33500 | Shoals:4 | 33500 ||| INVOKING Heroism.
 33670 | Shoals:4 | 33670 ||| INVOKING Heroism.
 33690 | Shoals:4 | 33690 ||| Stepping ~*~*~tactically~*~*~ (hiding).
 33692 | Shoals:4 | 33692 ||| INVOKING Heroism.
 33710 | Shoals:4 | 33710 ||| Stepping ~*~*~tactically~*~*~ (stealth).
 33714 | Shoals:4 | Identified the +1 ring mail "Ethraruit" {rCorr Str+5}
 33740 | Shoals:4 | Reached XP level 19. HP: 112/124 MP: 26/26
 33743 | Shoals:4 | Received a gift from Okawaru
 33830 | Shoals:4 | 33830 ||| INVOKING Heroism.
 33853 | Shoals:4 | Found an ancient bone altar of Kikubaaqudgha.
 33854 | Shoals:4 | 33854 ||| INVOKING Heroism.
 34003 | Shoals:4 | 34003 ||| Stepping ~*~*~tactically~*~*~ (hiding).
 34004 | Shoals:4 | 34004 ||| INVOKING Heroism.
 34013 | Shoals:4 | Received a gift from Okawaru
 34052 | Shoals:4 | Reached skill level 9 in Throwing
 34281 | Shoals:4 | 34281 ||| Stepping ~*~*~tactically~*~*~ (stealth).
 34283 | Shoals:4 | 34283 ||| Stepping ~*~*~tactically~*~*~ (stealth).
 34285 | Shoals:4 | 34285 ||| Stepping ~*~*~tactically~*~*~ (hiding).
 34306 | Shoals:4 | Got a barnacled rune of Zot
 34452 | Shoals:4 | 34452 ||| INVOKING Heroism.
 34586 | Shoals:4 | 34586 ||| Stepping ~*~*~tactically~*~*~ (hiding).
 34591 | Shoals:4 | 34591 ||| INVOKING Heroism.
 34798 | Shoals:4 | 34798 ||| INVOKING Heroism.
 34835 | Shoals:4 | Identified the staff of conjuration "Raeketak" {rC+}
 34836 | Shoals:4 | 34836 ||| PLANNING VAULTS:1-4
 34836 | Shoals:4 | 34836 ||| UPGRADING to +6 ring of strength.
 34838 | Shoals:4 | 34838 ||| DROPPING +4 ring of protection.
 35131 | Vaults:1 | Entered Level 1 of the Vaults
 35380 | Vaults:1 | 35380 ||| INVOKING Heroism.
 35403 | Vaults:1 | Received a gift from Okawaru
 35537 | Vaults:1 | Noticed a tentacled monstrosity
 35537 | Vaults:1 | 35537 ||| INVOKING Heroism.
 35537 | Vaults:1 | Noticed a tentacled monstrosity
 35547 | Vaults:1 | Killed a tentacled monstrosity
 35559 | Vaults:1 | Killed a tentacled monstrosity
 35560 | Vaults:1 | Reached skill level 16 in Fighting
 35564 | Vaults:1 | 35564 ||| FLEEEEING.
 35565 | Vaults:1 | 35565 ||| FLEEEEING.
 35566 | Vaults:1 | 35566 ||| FLEEEEING.
 35567 | Vaults:1 | 35567 ||| FLEEEEING.
 35567 | Vaults:1 | Noticed a tentacled monstrosity
 35568 | Vaults:1 | 35568 ||| FLEEEEING.
 35569 | Vaults:1 | 35569 ||| FLEEEEING.
 35570 | Vaults:1 | 35570 ||| INVOKING Heroism.
 35572 | Vaults:1 | HP: 23/125 [deep troll[an ironbound preserver] (25)]
 35573 | Vaults:1 | 35573 ||| READING 3 scrolls of teleportation.
 35574 | Vaults:1 | 35574 ||| DRINKING potion of heal wounds.
 35795 | Vaults:1 | Received a gift from Okawaru
 35815 | Vaults:1 | 35815 ||| Stepping ~*~*~tactically~*~*~ (hiding).
 35837 | Vaults:1 | 35837 ||| INVOKING Heroism.
 35851 | Vaults:1 | Noticed a tentacled monstrosity
 35863 | Vaults:1 | Killed a tentacled monstrosity
 35867 | Vaults:1 | Received a gift from Okawaru
 35868 | Vaults:1 | Reached skill level 15 in Armour
 36268 | Vaults:1 | Found a runed translucent gate.
 36268 | Vaults:1 | Found a runed translucent gate.
 36268 | Vaults:1 | Found a runed translucent gate.
 36659 | Vaults:1 | Identified the amulet "Murph" {RegenMP *Slow rC+ Regen+
                  | rCorr}
 37256 | Vaults:1 | 37256 ||| UPGRADING to amulet "Murph" {RegenMP *Slow rC+
                  | Regen+ rCorr}.
 37266 | Vaults:1 | 37266 ||| DROPPING amulet of the acrobat.
 37379 | Abyss:3  | Cast into level 3 of the Abyss (a wizard)
 37396 | Abyss:3  | 37396 ||| Stepping ~*~*~tactically~*~*~ (stealth).
 37398 | Abyss:3  | 37398 ||| Stepping ~*~*~tactically~*~*~ (hiding).
 37429 | Abyss:3  | 37429 ||| INVOKING Heroism.
 37430 | Abyss:3  | 37430 ||| INVOKING Finesse.
 37466 | Abyss:3  | 37466 ||| Stepping ~*~*~tactically~*~*~ (stealth).
 37577 | Abyss:3  | Reached skill level 17 in Fighting
 37642 | Abyss:3  | Paralysed by accursed screaming for 1 turns
 37666 | Abyss:3  | Received a gift from Okawaru
 37670 | Vaults:2 | Escaped the Abyss
 37813 | Vaults:2 | 37813 ||| READING scroll of enchant armour.
 37813 | Vaults:2 | 37813 ||| ENCHANTING +3 plate armour of fire resistance.
 37819 | Vaults:2 | 37819 ||| FLEEEEING.
 37824 | Vaults:2 | 37824 ||| FLEEEEING.
 37825 | Vaults:2 | 37825 ||| FLEEEEING.
 37826 | Vaults:2 | 37826 ||| FLEEEEING.
 37827 | Vaults:2 | 37827 ||| FLEEEEING.
 37828 | Vaults:2 | 37828 ||| FLEEEEING.
 37829 | Vaults:2 | 37829 ||| FLEEEEING.
 37830 | Vaults:2 | 37830 ||| FLEEEEING.
 37831 | Vaults:2 | 37831 ||| FLEEEEING.
 37832 | Vaults:2 | 37832 ||| FLEEEEING.
 37835 | Vaults:2 | 37835 ||| FLEEEEING.
 37836 | Vaults:2 | 37836 ||| FLEEEEING.
 37837 | Vaults:2 | 37837 ||| FLEEEEING.
 37838 | Vaults:2 | 37838 ||| FLEEEEING.
 37839 | Vaults:2 | 37839 ||| FLEEEEING.
 37844 | Vaults:2 | 37844 ||| STAIRDANCE
 37886 | Vaults:1 | 37886 ||| INVOKING Heroism.
 37887 | Vaults:1 | 37887 ||| INVOKING Finesse.
 37896 | Vaults:1 | Killed a tentacled monstrosity
 38016 | Vaults:2 | 38016 ||| STAIRDANCE
 38129 | Vaults:2 | 38129 ||| STAIRDANCE
 38140 | Vaults:1 | Reached XP level 20. HP: 107/134 MP: 27/27
 38151 | Vaults:1 | Gained mutation: You occasionally shout uncontrollably at
                  | your foes. [a cacodemon]
 38264 | Vaults:2 | 38264 ||| STAIRDANCE
 38786 | Vaults:2 | 38786 ||| Stepping ~*~*~tactically~*~*~ (hiding).
 38788 | Vaults:2 | 38788 ||| Stepping ~*~*~tactically~*~*~ (hiding).
 38789 | Vaults:2 | 38789 ||| Stepping ~*~*~tactically~*~*~ (hiding).
 38790 | Vaults:2 | 38790 ||| Stepping ~*~*~tactically~*~*~ (hiding).
 38961 | Vaults:2 | Found a staircase to the Crypt.
 38985 | Vaults:2 | 38985 ||| Stepping ~*~*~tactically~*~*~ (hiding).
 38987 | Vaults:2 | 38987 ||| Stepping ~*~*~tactically~*~*~ (hiding).
 38988 | Vaults:2 | 38988 ||| Stepping ~*~*~tactically~*~*~ (hiding).
 38989 | Vaults:2 | 38989 ||| Stepping ~*~*~tactically~*~*~ (hiding).
 39396 | Vaults:2 | 39396 ||| INVOKING Heroism.
 39400 | Vaults:2 | 39400 ||| Stepping ~*~*~tactically~*~*~ (hiding).
 39414 | Vaults:2 | 39414 ||| Stepping ~*~*~tactically~*~*~ (hiding).
 39415 | Vaults:2 | 39415 ||| Stepping ~*~*~tactically~*~*~ (hiding).
 39595 | Vaults:3 | 39595 ||| INVOKING Heroism.
 39655 | Vaults:3 | Noticed Jory
 39681 | Vaults:3 | 39681 ||| INVOKING Heroism.
 39685 | Vaults:3 | Killed Jory
 39716 | Vaults:3 | Received a gift from Okawaru
 39721 | Vaults:3 | 39721 ||| Stepping ~*~*~tactically~*~*~ (hiding).
 39740 | Vaults:3 | 39740 ||| Stepping ~*~*~tactically~*~*~ (hiding).
 39741 | Vaults:3 | 39741 ||| Stepping ~*~*~tactically~*~*~ (hiding).
 39742 | Vaults:3 | 39742 ||| Stepping ~*~*~tactically~*~*~ (hiding).
 39746 | Vaults:3 | 39746 ||| Stepping ~*~*~tactically~*~*~ (hiding).
 39747 | Vaults:3 | 39747 ||| Stepping ~*~*~tactically~*~*~ (hiding).
 39901 | Vaults:3 | Reached skill level 18 in Fighting
 39985 | Vaults:3 | 39985 ||| Stepping ~*~*~tactically~*~*~ (stealth).
 40307 | Vaults:3 | 40307 ||| FLEEEEING.
 40316 | Vaults:3 | Identified the +6 plate armour of Zycakk {rF- Dex+6}
                  | (Okawaru gifted it to you on level 3 of the Vaults)
 40316 | Vaults:3 | Received a gift from Okawaru
 40324 | Vaults:3 | 40324 ||| INVOKING Heroism.
 40335 | Vaults:3 | 40335 ||| INVOKING Heroism.
 40337 | Vaults:3 | HP: 31/136 [orc knight/+0 bardiche (12)]
 40338 | Vaults:3 | 40338 ||| READING 3 scrolls of teleportation.
 40343 | Vaults:3 | HP: 11/136 [orc knight/+0 bardiche (13)]
 40349 | Vaults:3 | 40349 ||| FLEEEEING.
 40362 | Vaults:3 | 40362 ||| FLEEEEING.
 40363 | Vaults:3 | 40363 ||| FLEEEEING.
 40364 | Vaults:3 | 40364 ||| FLEEEEING.
 40365 | Vaults:3 | 40365 ||| FLEEEEING.
 40375 | Vaults:3 | 40375 ||| STAIRDANCE
 40446 | Vaults:2 | 40446 ||| DROPPING +6 ring of dexterity.
 40449 | Vaults:3 | 40449 ||| Stepping ~*~*~tactically~*~*~ (hiding).
 40462 | Vaults:3 | 40462 ||| FLEEEEING.
 40463 | Vaults:3 | 40463 ||| FLEEEEING.
 40465 | Vaults:3 | 40465 ||| FLEEEEING.
 40466 | Vaults:3 | 40466 ||| FLEEEEING.
 40467 | Vaults:3 | 40467 ||| STAIRDANCE
 40577 | Vaults:3 | 40577 ||| Stepping ~*~*~tactically~*~*~ (hiding).
 40632 | Vaults:3 | 40632 ||| Stepping ~*~*~tactically~*~*~ (stealth).
 40634 | Vaults:3 | 40634 ||| Stepping ~*~*~tactically~*~*~ (hiding).
 40697 | Vaults:3 | 40697 ||| Stepping ~*~*~tactically~*~*~ (hiding).
 40860 | Vaults:3 | 40860 ||| Stepping ~*~*~tactically~*~*~ (hiding).
 40861 | Vaults:3 | 40861 ||| Stepping ~*~*~tactically~*~*~ (hiding).
 40972 | Vaults:3 | Identified the +5 arbalest of Watchfulness {elec, rElec
                  | Str+4}
 41370 | Vaults:4 | 41370 ||| Stepping ~*~*~tactically~*~*~ (stealth).
 41390 | Vaults:4 | Noticed Mennas
 41391 | Vaults:4 | 41391 ||| INVOKING Heroism.
 41392 | Vaults:4 | 41392 ||| INVOKING Finesse.
 41418 | Vaults:4 | Killed Mennas
 41504 | Vaults:4 | 41504 ||| Stepping ~*~*~tactically~*~*~ (hiding).
 41694 | Vaults:4 | Paralysed by a great orb of eyes for 3 turns
 41700 | Vaults:4 | Reached XP level 21. HP: 138/141 MP: 28/28
 41749 | Vaults:4 | 41749 ||| FLEEEEING.
 41750 | Vaults:4 | 41750 ||| Stepping ~*~*~tactically~*~*~ (hiding).
 41754 | Vaults:4 | 41754 ||| Stepping ~*~*~tactically~*~*~ (hiding).
 41755 | Vaults:4 | 41755 ||| Stepping ~*~*~tactically~*~*~ (hiding).
 41986 | Vaults:4 | 41986 ||| Stepping ~*~*~tactically~*~*~ (hiding).
 42108 | Vaults:4 | Identified the +5 ring mail "Kusixkump" {Harm *Corrode
                  | Str+3}
 42144 | Vaults:4 | 42144 ||| FLEEEEING.
 42174 | Vaults:4 | 42174 ||| INVOKING Heroism.
 42208 | Vaults:4 | Reached skill level 19 in Fighting
 42297 | Vaults:4 | Received a gift from Okawaru
 42357 | Vaults:4 | 42357 ||| Stepping ~*~*~tactically~*~*~ (stealth).
 42359 | Vaults:4 | 42359 ||| INVOKING Heroism.
 42817 | Vaults:4 | 42817 ||| PLANNING SNAKE:4
 42817 | Vaults:4 | 42817 ||| DROPPING scarf of harm.
 43154 | Snake:4  | Entered Level 4 of the Snake Pit
 43164 | Snake:4  | 43164 ||| STAIRDANCE
 43187 | Snake:4  | Noticed Vashnia
 43244 | Snake:4  | Received a gift from Okawaru
 43312 | Snake:4  | 43312 ||| Stepping ~*~*~tactically~*~*~ (hiding).
 43314 | Snake:4  | 43314 ||| Stepping ~*~*~tactically~*~*~ (hiding).
 43315 | Snake:4  | 43315 ||| Stepping ~*~*~tactically~*~*~ (hiding).
 43334 | Snake:4  | Killed Vashnia
 43334 | Snake:4  | Received a gift from Okawaru
 43335 | Snake:4  | Reached skill level 18 in Armour
 43430 | Snake:4  | 43430 ||| Stepping ~*~*~tactically~*~*~ (stealth).
 43466 | Snake:4  | 43466 ||| Stepping ~*~*~tactically~*~*~ (stealth).
 43468 | Snake:4  | 43468 ||| Stepping ~*~*~tactically~*~*~ (stealth).
 43469 | Snake:4  | 43469 ||| Stepping ~*~*~tactically~*~*~ (stealth).
 43491 | Snake:4  | 43491 ||| READING scroll of enchant weapon.
 43491 | Snake:4  | 43491 ||| ENCHANTING +7 broad axe of protection.
 43524 | Snake:4  | 43524 ||| Stepping ~*~*~tactically~*~*~ (hiding).
 43525 | Snake:4  | 43525 ||| Stepping ~*~*~tactically~*~*~ (hiding).
 43528 | Snake:4  | 43528 ||| Stepping ~*~*~tactically~*~*~ (hiding).
 43530 | Snake:4  | 43530 ||| Stepping ~*~*~tactically~*~*~ (hiding).
 43670 | Snake:4  | Received a gift from Okawaru
 43693 | Snake:4  | 43693 ||| Stepping ~*~*~tactically~*~*~ (hiding).
 43695 | Snake:4  | 43695 ||| Stepping ~*~*~tactically~*~*~ (hiding).
 43706 | Snake:4  | 43706 ||| Stepping ~*~*~tactically~*~*~ (hiding).
 43707 | Snake:4  | 43707 ||| Stepping ~*~*~tactically~*~*~ (hiding).
 43709 | Snake:4  | 43709 ||| Stepping ~*~*~tactically~*~*~ (hiding).
 43710 | Snake:4  | 43710 ||| Stepping ~*~*~tactically~*~*~ (hiding).
 43829 | Snake:4  | 43829 ||| READING scroll of enchant armour.
 43829 | Snake:4  | 43829 ||| ENCHANTING +4 plate armour of fire resistance.
 43869 | Snake:4  | 43869 ||| Stepping ~*~*~tactically~*~*~ (hiding).
 43900 | Snake:4  | 43900 ||| INVOKING Heroism.
 43915 | Snake:4  | Received a gift from Okawaru
 43921 | Snake:4  | 43921 ||| Stepping ~*~*~tactically~*~*~ (hiding).
 44018 | Snake:4  | 44018 ||| Stepping ~*~*~tactically~*~*~ (hiding).
 44078 | Snake:4  | Got a serpentine rune of Zot
 44178 | Snake:4  | 44178 ||| Stepping ~*~*~tactically~*~*~ (hiding).
 44179 | Snake:4  | 44179 ||| Stepping ~*~*~tactically~*~*~ (hiding).
 44181 | Snake:4  | 44181 ||| Stepping ~*~*~tactically~*~*~ (hiding).
 44182 | Snake:4  | 44182 ||| Stepping ~*~*~tactically~*~*~ (hiding).
 44189 | Snake:4  | 44189 ||| Stepping ~*~*~tactically~*~*~ (hiding).
 44195 | Snake:4  | 44195 ||| Stepping ~*~*~tactically~*~*~ (hiding).
 44206 | Snake:4  | 44206 ||| Stepping ~*~*~tactically~*~*~ (stealth).
 44215 | Snake:4  | Received a gift from Okawaru
 44323 | Snake:4  | 44323 ||| Stepping ~*~*~tactically~*~*~ (hiding).
 44324 | Snake:4  | 44324 ||| Stepping ~*~*~tactically~*~*~ (hiding).
 44325 | Snake:4  | 44325 ||| Stepping ~*~*~tactically~*~*~ (hiding).
 44328 | Snake:4  | 44328 ||| Stepping ~*~*~tactically~*~*~ (hiding).
 44394 | Snake:4  | 44394 ||| Stepping ~*~*~tactically~*~*~ (hiding).
 44449 | Snake:4  | Found Soygae's Magic Scroll Shoppe.
 44455 | Snake:4  | 44455 ||| BUYING 3 scrolls of enchant weapon (292 gold).
 44455 | Snake:4  | Bought 3 scrolls of enchant weapon for 292 gold pieces
 44455 | Snake:4  | 44455 ||| BUYING scroll of enchant weapon (97 gold).
 44455 | Snake:4  | Bought a scroll of enchant weapon for 97 gold pieces
 44455 | Snake:4  | 44455 ||| BUYING scroll of teleportation (39 gold).
 44455 | Snake:4  | Bought a scroll of teleportation for 39 gold pieces
 44455 | Snake:4  | 44455 ||| READING 4 scrolls of enchant weapon.
 44455 | Snake:4  | 44455 ||| ENCHANTING +8 broad axe of protection.
 44550 | Snake:4  | 44550 ||| PLANNING DEPTHS
 44550 | Snake:4  | 44550 ||| DROPPING ring of magical power.
 44815 | Depths:1 | Entered Level 1 of the Depths
 44822 | Depths:1 | 44822 ||| INVOKING Heroism.
 44823 | Depths:1 | 44823 ||| INVOKING Finesse.
 44893 | Depths:1 | 44893 ||| Stepping ~*~*~tactically~*~*~ (stealth).
 44899 | Depths:1 | 44899 ||| INVOKING Heroism.
 44900 | Depths:1 | 44900 ||| INVOKING Finesse.
 44906 | Depths:1 | Received a gift from Okawaru
 44933 | Depths:1 | Found Ejoc's Book Shop.
 44962 | Depths:1 | 44962 ||| INVOKING Heroism.
 44974 | Depths:1 | Reached skill level 20 in Fighting
 44975 | Depths:1 | 44975 ||| Stepping ~*~*~tactically~*~*~ (hiding).
 45035 | Depths:1 | 45035 ||| INVOKING Heroism.
 45044 | Depths:1 | Reached XP level 22. HP: 135/152 MP: 29/29
 45208 | Depths:1 | 45208 ||| Stepping ~*~*~tactically~*~*~ (hiding).
 45219 | Depths:1 | 45219 ||| INVOKING Finesse.
 45358 | Depths:1 | 45358 ||| INVOKING Heroism.
 45407 | Depths:1 | 45407 ||| READING scroll of enchant armour.
 45407 | Depths:1 | 45407 ||| ENCHANTING +5 plate armour of fire resistance.
 45449 | Depths:1 | Found a one-way gate to the infinite horrors of the Abyss.
 45669 | Depths:1 | Found Noecugg's Firing Range.
 45813 | Depths:1 | Found a gateway to Hell.
 45953 | Depths:2 | 45953 ||| Stepping ~*~*~tactically~*~*~ (hiding).
 45954 | Depths:2 | 45954 ||| Stepping ~*~*~tactically~*~*~ (hiding).
 45956 | Depths:2 | 45956 ||| Stepping ~*~*~tactically~*~*~ (hiding).
 45957 | Depths:2 | 45957 ||| INVOKING Heroism.
 45993 | Depths:2 | 45993 ||| INVOKING Finesse.
 46055 | Depths:2 | 46055 ||| INVOKING Heroism.
 46055 | Depths:2 | HP: 29/152 [deep troll (11)]
 46056 | Depths:2 | 46056 ||| READING 7 scrolls of teleportation.
 46057 | Depths:2 | 46057 ||| DRINKING potion of heal wounds.
 46060 | Depths:2 | 46060 ||| INVOKING Finesse.
 46217 | Depths:2 | Identified the +8 plate armour of Soatax {rC+ rCorr}
 46250 | Depths:2 | 46250 ||| INVOKING Heroism.
 46311 | Depths:2 | Found Xeumos's Book Boutique.
 46311 | Depths:2 | Found Gograyck's Jewellery Shoppe.
 46312 | Depths:2 | Found Neqyis Qiti's Jewellery Shoppe.
 46318 | Depths:2 | 46318 ||| SHOPLISTING +5 ring of evasion (720 gold, have
                  | 620).
 46318 | Depths:2 | 46318 ||| SHOPLISTING amulet of faith (800 gold, have 620).
 46318 | Depths:2 | 46318 ||| BUYING amulet of reflection (600 gold).
 46318 | Depths:2 | Bought an amulet of reflection for 600 gold pieces
 46318 | Depths:2 | 46318 ||| SHOPLISTING ring of Dishonour {rCorr EV+5} (972
                  | gold, have 20).
 46322 | Depths:2 | 46322 ||| SHOPLISTING +5 ring of evasion (828 gold, have
                  | 20).
 46322 | Depths:2 | 46322 ||| SHOPLISTING ring of resist corrosion (460 gold,
                  | have 20).
 46355 | Depths:2 | Reached skill level 21 in Shields
 46381 | Depths:2 | 46381 ||| DROPPING +3 ring mail of Teajun {Regen+ rCorr
                  | Stlth+}.
 46382 | Depths:2 | 46382 ||| DROPPING +6 plate armour of Zycakk {rF- Dex+6}.
 46383 | Depths:2 | 46383 ||| UPGRADING to +8 plate armour of Soatax {rC+
                  | rCorr}.
 46393 | Depths:2 | 46393 ||| UPGRADING to amulet of reflection.
 46405 | Depths:2 | Found a one-way gate leading to the halls of Pandemonium.
 46476 | Depths:2 | Received a gift from Okawaru
 46500 | Depths:2 | Noticed a golden dragon
 46501 | Depths:2 | 46501 ||| Stepping ~*~*~tactically~*~*~ (hiding).
 46503 | Depths:2 | 46503 ||| INVOKING Heroism.
 46504 | Depths:2 | 46504 ||| INVOKING Finesse.
 46519 | Depths:2 | Killed a golden dragon
 46636 | Depths:2 | Noticed a juggernaut
 46637 | Depths:2 | 46637 ||| INVOKING Heroism.
 46653 | Depths:2 | Killed a juggernaut
 46747 | Depths:2 | 46747 ||| INVOKING Heroism.
 46759 | Depths:2 | Found a shimmering blue altar of Sif Muna.
 46932 | Depths:2 | Noticed Louise
 46951 | Depths:2 | Killed Louise
 47057 | Depths:2 | 47057 ||| Stepping ~*~*~tactically~*~*~ (stealth).
 47059 | Depths:2 | 47059 ||| Stepping ~*~*~tactically~*~*~ (stealth).
 47061 | Depths:2 | 47061 ||| Stepping ~*~*~tactically~*~*~ (stealth).
 47343 | Depths:3 | 47343 ||| PLANNING WIZLAB
 47464 | Depths:3 | You are sucked into a shaft and drop 1 floor!
 47464 | Depths:4 | Entered Level 4 of the Depths
 47475 | Depths:4 | Received a gift from Okawaru
 47476 | Depths:4 | Reached skill level 21 in Fighting
 47586 | Depths:4 | 47586 ||| INVOKING Heroism.
 47587 | Depths:4 | 47587 ||| INVOKING Finesse.
 47606 | Depths:4 | 47606 ||| Stepping ~*~*~tactically~*~*~ (stealth).
 47607 | Depths:4 | 47607 ||| Stepping ~*~*~tactically~*~*~ (stealth).
 47612 | Depths:4 | 47612 ||| Stepping ~*~*~tactically~*~*~ (stealth).
 47626 | Depths:4 | 47626 ||| Stepping ~*~*~tactically~*~*~ (hiding).
 47714 | Depths:4 | 47714 ||| INVOKING Heroism.
 47760 | Depths:3 | Found a one-way gateway to a ziggurat.
 47902 | Depths:3 | 47902 ||| INVOKING Heroism.
 47975 | Depths:3 | 47975 ||| Stepping ~*~*~tactically~*~*~ (hiding).
 48010 | Depths:3 | Found an iron altar of Okawaru.
 48011 | Depths:3 | 48011 ||| Stepping ~*~*~tactically~*~*~ (hiding).
 48029 | Depths:3 | 48029 ||| Stepping ~*~*~tactically~*~*~ (stealth).
 48053 | Depths:3 | 48053 ||| RIP WIZLAB
 48077 | Depths:3 | 48077 ||| PLANNING DEPTHS
 48436 | Depths:2 | Identified the +8 quarterstaff of Armageddon {pain, rPois
                  | Int+2}
 48513 | Depths:3 | Paralysed by a floating eye for 2 turns
 48528 | Depths:3 | Noticed a dread lich
 48529 | Depths:3 | 48529 ||| INVOKING Heroism.
 48542 | Depths:3 | Killed a dread lich
 48543 | Depths:3 | Reached skill level 12 in Throwing
 48544 | Depths:3 | Paralysed by a sphinx for 2 turns
 48674 | Depths:3 | 48674 ||| Stepping ~*~*~tactically~*~*~ (hiding).
 48775 | Depths:4 | Found a white marble altar of Elyvilon.
 49196 | Depths:4 | 49196 ||| INVOKING Heroism.
 49535 | Depths:4 | 49535 ||| INVOKING Heroism.
 49537 | Depths:4 | Received a gift from Okawaru
 49538 | Depths:4 | Noticed a golden dragon
 49557 | Depths:4 | Reached XP level 23. HP: 134/154 MP: 30/30
 49558 | Depths:4 | Killed a golden dragon
 49593 | Depths:4 | 49593 ||| FLEEEEING.
 49594 | Depths:4 | 49594 ||| FLEEEEING.
 49595 | Depths:4 | 49595 ||| FLEEEEING.
 49596 | Depths:4 | 49596 ||| FLEEEEING.
 49597 | Depths:4 | 49597 ||| FLEEEEING.
 49604 | Depths:4 | 49604 ||| FLEEEEING.
 49615 | Depths:4 | 49615 ||| FLEEEEING.
 49616 | Depths:4 | 49616 ||| FLEEEEING.
 49617 | Depths:4 | 49617 ||| FLEEEEING.
 49618 | Depths:4 | 49618 ||| FLEEEEING.
 49619 | Depths:4 | 49619 ||| FLEEEEING.
 49620 | Depths:4 | 49620 ||| FLEEEEING.
 49621 | Depths:4 | 49621 ||| FLEEEEING.
 49622 | Depths:4 | 49622 ||| FLEEEEING.
 49623 | Depths:4 | 49623 ||| FLEEEEING.
 49624 | Depths:4 | 49624 ||| FLEEEEING.
 49627 | Depths:4 | 49627 ||| Stepping ~*~*~tactically~*~*~ (hiding).
 49628 | Depths:4 | 49628 ||| Stepping ~*~*~tactically~*~*~ (hiding).
 49643 | Depths:4 | 49643 ||| FLEEEEING.
 49645 | Depths:4 | 49645 ||| FLEEEEING.
 49648 | Depths:4 | 49648 ||| FLEEEEING.
 49654 | Depths:4 | 49654 ||| FLEEEEING.
 49661 | Depths:4 | 49661 ||| FLEEEEING.
 49663 | Depths:4 | 49663 ||| FLEEEEING.
 49757 | Depths:4 | Found a gate to the Realm of Zot.
 49761 | Depths:4 | 49761 ||| INVOKING Heroism.
 49792 | Depths:4 | 49792 ||| PLANNING VAULTS:5
 50164 | Vaults:5 | Entered Level 5 of the Vaults
 50164 | Vaults:5 | Noticed a dread lich
 50165 | Vaults:5 | 50165 ||| INVOKING Heroism.
 50186 | Vaults:5 | Paralysed by a dread lich for 3 turns
 50190 | Vaults:5 | 50190 ||| STAIRDANCE
 50197 | Vaults:4 | Killed a dread lich
 50425 | Vaults:5 | 50425 ||| STAIRDANCE
 50495 | Vaults:5 | Reached skill level 22 in Fighting
 50532 | Vaults:5 | 50532 ||| INVOKING Heroism.
 50584 | Vaults:5 | Received a gift from Okawaru
 50618 | Vaults:5 | 50618 ||| INVOKING Heroism.
 50696 | Vaults:5 | 50696 ||| FLEEEEING.
 50697 | Vaults:5 | 50697 ||| FLEEEEING.
 50698 | Vaults:5 | 50698 ||| FLEEEEING.
 50699 | Vaults:5 | 50699 ||| FLEEEEING.
 50703 | Vaults:5 | Noticed an ancient lich
 50704 | Vaults:5 | 50704 ||| Stepping ~*~*~tactically~*~*~ (hiding).
 50705 | Vaults:5 | 50705 ||| FLEEEEING.
 50706 | Vaults:5 | 50706 ||| INVOKING Heroism.
 50718 | Vaults:5 | Killed an ancient lich
 50722 | Vaults:5 | 50722 ||| INVOKING Heroism.
 50723 | Vaults:5 | Received a gift from Okawaru
 50768 | Vaults:5 | 50768 ||| INVOKING Heroism.
 50777 | Vaults:5 | HP: 34/156 [tengu reaver/bolt of lightning (15)]
 50778 | Vaults:5 | 50778 ||| READING 9 scrolls of teleportation.
 50779 | Vaults:5 | 50779 ||| DRINKING 3 potions of heal wounds.
 50816 | Vaults:5 | 50816 ||| FLEEEEING.
 50817 | Vaults:5 | 50817 ||| FLEEEEING.
 50818 | Vaults:5 | 50818 ||| FLEEEEING.
 50832 | Vaults:5 | 50832 ||| FLEEEEING.
 50833 | Vaults:5 | 50833 ||| FLEEEEING.
 50834 | Vaults:5 | 50834 ||| STAIRDANCE
 50998 | Vaults:4 | 50998 ||| DROPPING 22 boomerangs.
 50999 | Vaults:4 | 50999 ||| DROPPING 2 silver boomerangs.
 51013 | Vaults:5 | 51013 ||| Stepping ~*~*~tactically~*~*~ (stealth).
 51016 | Vaults:5 | 51016 ||| Stepping ~*~*~tactically~*~*~ (stealth).
 51046 | Vaults:5 | Got a silver rune of Zot
 51058 | Vaults:5 | 51058 ||| INVOKING Heroism.
 51230 | Vaults:5 | Identified the +6 chain mail of Buida {Slay+3 SInv}
 51309 | Vaults:5 | 51309 ||| Stepping ~*~*~tactically~*~*~ (hiding).
 51315 | Vaults:5 | 51315 ||| INVOKING Heroism.
 51326 | Vaults:5 | Received a gift from Okawaru
 51349 | Vaults:5 | 51349 ||| Stepping ~*~*~tactically~*~*~ (hiding).
 51354 | Vaults:5 | 51354 ||| INVOKING Finesse.
 51368 | Vaults:5 | Reached skill level 21 in Armour
 51432 | Vaults:5 | Noticed a dread lich
 51433 | Vaults:5 | 51433 ||| FLEEEEING.
 51434 | Vaults:5 | 51434 ||| FLEEEEING.
 51435 | Vaults:5 | 51435 ||| INVOKING Heroism.
 51447 | Vaults:5 | Killed a dread lich
 51546 | Vaults:5 | Identified the +10 battleaxe of Ignis's Envy {drain, +Blink
                  | rF+++ Str+2 Dex-4}
 51562 | Vaults:5 | 51562 ||| Stepping ~*~*~tactically~*~*~ (stealth).
 51609 | Vaults:5 | Noticed a dread lich
 51610 | Vaults:5 | 51610 ||| INVOKING Heroism.
 51630 | Vaults:5 | Killed a dread lich
 51630 | Vaults:5 | Received a gift from Okawaru
 51631 | Vaults:5 | Reached XP level 24. HP: 162/168 MP: 30/30
 51652 | Vaults:5 | Noticed a dread lich
 51653 | Vaults:5 | 51653 ||| Stepping ~*~*~tactically~*~*~ (stealth).
 51656 | Vaults:5 | 51656 ||| INVOKING Heroism.
 51666 | Vaults:5 | Killed a dread lich
 51670 | Vaults:5 | 51670 ||| Stepping ~*~*~tactically~*~*~ (hiding).
 51703 | Vaults:5 | 51703 ||| INVOKING Heroism.
 51850 | Vaults:5 | Identified the +8 battleaxe of Inquiry {holy, Will+ Int+5
                  | Dex-5 Stlth-}
 52035 | Vaults:5 | Identified the +3 orcbow "Xompim" {freeze, rC+ rN+}
 52284 | Vaults:5 | 52284 ||| PLANNING SHOPPING SPREE
 52284 | Vaults:5 | 52284 ||| DROPPING +2 helmet of see invisible.
 52285 | Vaults:5 | 52285 ||| DROPPING amulet of guardian spirit.
 52649 | Depths:2 | 52649 ||| BUYING +5 ring of evasion (828 gold).
 52649 | Depths:2 | Bought a +5 ring of evasion for 828 gold pieces
 52649 | Depths:2 | 52649 ||| UPGRADING to +5 ring of evasion.
 52651 | Depths:2 | 52651 ||| DROPPING +6 ring of strength.
 52652 | Depths:2 | 52652 ||| CLEARING SHOPPING LIST
 52652 | Depths:2 | 52652 ||| PLANNING ZOT:1-4
 52719 | Zot:1    | Entered Level 1 of the Realm of Zot
 52720 | Zot:1    | 52720 ||| INVOKING Heroism.
 52865 | Zot:1    | Received a gift from Okawaru
 53079 | Zot:1    | 53079 ||| INVOKING Heroism.
 53098 | Zot:1    | Received a gift from Okawaru
 53101 | Zot:1    | Reached skill level 23 in Fighting
 53275 | Zot:1    | 53275 ||| FLEEEEING.
 53276 | Zot:1    | 53276 ||| FLEEEEING.
 53277 | Zot:1    | 53277 ||| FLEEEEING.
 53278 | Zot:1    | 53278 ||| FLEEEEING.
 53279 | Zot:1    | 53279 ||| FLEEEEING.
 53280 | Zot:1    | 53280 ||| FLEEEEING.
 53281 | Zot:1    | 53281 ||| FLEEEEING.
 53282 | Zot:1    | 53282 ||| FLEEEEING.
 53283 | Zot:1    | 53283 ||| FLEEEEING.
 53284 | Zot:1    | 53284 ||| FLEEEEING.
 53285 | Zot:1    | 53285 ||| FLEEEEING.
 53286 | Zot:1    | 53286 ||| FLEEEEING.
 53287 | Zot:1    | 53287 ||| FLEEEEING.
 53288 | Zot:1    | 53288 ||| FLEEEEING.
 53289 | Zot:1    | 53289 ||| FLEEEEING.
 53290 | Zot:1    | 53290 ||| FLEEEEING.
 53291 | Zot:1    | 53291 ||| FLEEEEING.
 53292 | Zot:1    | 53292 ||| FLEEEEING.
 53293 | Zot:1    | 53293 ||| FLEEEEING.
 53296 | Zot:1    | 53296 ||| STAIRDANCE
 53356 | Zot:1    | 53356 ||| STAIRDANCE
 53409 | Zot:1    | 53409 ||| Stepping ~*~*~tactically~*~*~ (hiding).
 53412 | Zot:1    | 53412 ||| INVOKING Heroism.
 53702 | Zot:1    | 53702 ||| INVOKING Heroism.
 53716 | Zot:1    | Received a gift from Okawaru
 53723 | Zot:1    | Noticed a curse toe
 53745 | Zot:1    | Killed a curse toe
 54351 | Zot:2    | 54351 ||| INVOKING Heroism.
 54450 | Zot:2    | 54450 ||| INVOKING Heroism.
 54458 | Zot:2    | HP: 40/171 [red draconian/searing blast[a yellow draconian
                  | annihilator] (6)]
 54459 | Zot:2    | 54459 ||| READING 11 scrolls of teleportation.
 54460 | Zot:2    | 54460 ||| DRINKING 2 potions of heal wounds.
 54465 | Zot:2    | HP: 38/171 [black draconian knight/+3 great sword (7)]
 54466 | Zot:2    | 54466 ||| DRINKING potion of heal wounds.
 54869 | Zot:2    | 54869 ||| INVOKING Heroism.
 55137 | Zot:2    | 55137 ||| Stepping ~*~*~tactically~*~*~ (stealth).
 55138 | Zot:2    | 55138 ||| Stepping ~*~*~tactically~*~*~ (stealth).
 55544 | Zot:2    | Received a gift from Okawaru
 55578 | Zot:2    | Noticed an orb of fire
 55579 | Zot:2    | 55579 ||| DRINKING 3 potions of resistance.
 55580 | Zot:2    | 55580 ||| INVOKING Heroism.
 55581 | Zot:2    | 55581 ||| INVOKING Finesse.
 55582 | Zot:2    | Gained mutation: You occasionally lose the ability to read
                  | scrolls when taking damage. [an orb of fire]
 55592 | Zot:2    | Gained mutation: Your magical capacity is low. (-10% MP)
                  | [an orb of fire]
 55600 | Zot:2    | Killed an orb of fire
 55738 | Zot:2    | 55738 ||| DRINKING 15 potions of mutation.
 55738 | Zot:2    | Lost mutation: You are clumsy. (Dex -2) [potion of
                  | mutation]
 55738 | Zot:2    | Lost mutation: You passively map a small area around you.
                  | [potion of mutation]
 55738 | Zot:2    | Gained mutation: You occasionally lose the ability to drink
                  | potions when taking damage. [potion of mutation]
 55738 | Zot:2    | Gained mutation: You are partially covered in iridescent
                  | scales. (AC +2) [potion of mutation]
 55739 | Zot:2    | 55739 ||| DRINKING 14 potions of mutation.
 55739 | Zot:2    | Lost mutation: You occasionally lose the ability to read
                  | scrolls when taking damage. [potion of mutation]
 55739 | Zot:2    | Lost mutation: You have supernaturally acute eyesight.
                  | (SInv) [potion of mutation]
 55739 | Zot:2    | Lost mutation: You are partially covered in iridescent
                  | scales. (AC +2) [potion of mutation]
 55739 | Zot:2    | Gained mutation: Your spells are a little harder to cast,
                  | but a little more powerful. [potion of mutation]
 55739 | Zot:2    | Gained mutation: Your flesh is heat resistant. (rF+)
                  | [potion of mutation]
 55739 | Zot:2    | Gained mutation: You passively dampen the noise of your
                  | surroundings. [potion of mutation]
 55740 | Zot:2    | 55740 ||| DRINKING 13 potions of mutation.
 55740 | Zot:2    | Lost mutation: You expend magic power (3 MP) to strengthen
                  | your wands. [potion of mutation]
 55740 | Zot:2    | Lost mutation: Your flesh is heat resistant. (rF+) [potion
                  | of mutation]
 55740 | Zot:2    | Gained mutation: You are agile. (Dex +4, Str/Int -1)
                  | [potion of mutation]
 55741 | Zot:2    | 55741 ||| DRINKING 12 potions of mutation.
 55741 | Zot:2    | Lost mutation: You are strong-willed. (Will+) [potion of
                  | mutation]
 55741 | Zot:2    | Lost mutation: Your spells are a little harder to cast, but
                  | a little more powerful. [potion of mutation]
 55742 | Zot:2    | 55742 ||| DRINKING 11 potions of mutation.
 55742 | Zot:2    | Lost mutation: You occasionally shout uncontrollably at
                  | your foes. [potion of mutation]
 55742 | Zot:2    | Lost mutation: You are agile. (Dex +4, Str/Int -1) [potion
                  | of mutation]
 55742 | Zot:2    | Gained mutation: You are dopey. (Int -2) [potion of
                  | mutation]
 55742 | Zot:2    | Gained mutation: You possess an exceptional clarity of
                  | mind. [potion of mutation]
 55743 | Zot:2    | 55743 ||| DRINKING 10 potions of mutation.
 55743 | Zot:2    | Lost mutation: You have sharp toenails. [potion of
                  | mutation]
 55743 | Zot:2    | Lost mutation: Your magical capacity is low. (-10% MP)
                  | [potion of mutation]
 55743 | Zot:2    | Lost mutation: You possess an exceptional clarity of mind.
                  | [potion of mutation]
 55743 | Zot:2    | Gained mutation: Your muscles are strong. (Str +4, Int/Dex
                  | -1) [potion of mutation]
 55743 | Zot:2    | Gained mutation: You expend magic power (3 MP) to
                  | strengthen your wands. [potion of mutation]
 55744 | Zot:2    | 55744 ||| DRINKING 9 potions of mutation.
 55744 | Zot:2    | Lost mutation: You occasionally lose the ability to drink
                  | potions when taking damage. [potion of mutation]
 55744 | Zot:2    | Lost mutation: Your muscles are strong. (Str +4, Int/Dex
                  | -1) [potion of mutation]
 55744 | Zot:2    | Lost mutation: You expend magic power (3 MP) to strengthen
                  | your wands. [potion of mutation]
 55744 | Zot:2    | Gained mutation: You are vulnerable to cold. (rC-) [potion
                  | of mutation]
 55829 | Zot:3    | 55829 ||| INVOKING Heroism.
 56145 | Zot:3    | Identified the staff of earth "Qewotamm" {rC+ rCorr Dex+2}
 56254 | Zot:3    | Found a transporter.
 56276 | Zot:3    | 56276 ||| READING scroll of enchant armour.
 56276 | Zot:3    | 56276 ||| ENCHANTING +0 pair of boots.
 56291 | Zot:3    | Reached skill level 6 in Dodging
 56296 | Zot:3    | 56296 ||| FLEEEEING.
 56297 | Zot:3    | 56297 ||| FLEEEEING.
 56298 | Zot:3    | 56298 ||| FLEEEEING.
 56299 | Zot:3    | 56299 ||| FLEEEEING.
 56300 | Zot:3    | 56300 ||| FLEEEEING.
 56301 | Zot:3    | 56301 ||| FLEEEEING.
 56302 | Zot:3    | 56302 ||| FLEEEEING.
 56303 | Zot:3    | 56303 ||| FLEEEEING.
 56304 | Zot:3    | 56304 ||| FLEEEEING.
 56305 | Zot:3    | 56305 ||| FLEEEEING.
 56466 | Zot:3    | 56466 ||| INVOKING Heroism.
 56501 | Zot:3    | HP: 42/172 [green draconian/+0 trident[a yellow draconian
                  | annihilator] (7)]
 56502 | Zot:3    | 56502 ||| READING 12 scrolls of teleportation.
 56508 | Zot:3    | Received a gift from Okawaru
 56735 | Zot:3    | 56735 ||| Stepping ~*~*~tactically~*~*~ (stealth).
 57140 | Zot:3    | Found a transporter.
 57360 | Zot:3    | 57360 ||| DROPPING +2 cloak.
 57361 | Zot:3    | 57361 ||| DROPPING +1 cloak.
 57415 | Zot:4    | Found the +4 dragonskin cloak
 57415 | Zot:4    | Noticed Tiamat
 57416 | Zot:4    | 57416 ||| INVOKING Heroism.
 57417 | Zot:4    | 57417 ||| INVOKING Finesse.
 57418 | Zot:4    | 57418 ||| INVOKING Finesse.
 57445 | Zot:4    | 57445 ||| INVOKING Heroism.
 57507 | Zot:4    | Killed Tiamat
 57537 | Zot:4    | Reached XP level 25. HP: 138/178 MP: 30/30
 57714 | Zot:4    | 57714 ||| Stepping ~*~*~tactically~*~*~ (hiding).
 57718 | Zot:4    | 57718 ||| INVOKING Heroism.
 57730 | Zot:4    | Reached skill level 24 in Fighting
 57961 | Zot:4    | 57961 ||| INVOKING Heroism.
 58066 | Zot:4    | 58066 ||| Stepping ~*~*~tactically~*~*~ (hiding).
 58067 | Zot:4    | 58067 ||| INVOKING Heroism.
 58192 | Zot:4    | 58192 ||| Stepping ~*~*~tactically~*~*~ (hiding).
 58195 | Zot:4    | 58195 ||| INVOKING Heroism.
 58253 | Zot:4    | 58253 ||| Stepping ~*~*~tactically~*~*~ (hiding).
 58451 | Zot:4    | 58451 ||| INVOKING Heroism.
 58549 | Zot:4    | 58549 ||| Stepping ~*~*~tactically~*~*~ (stealth).
 58550 | Zot:4    | 58550 ||| Stepping ~*~*~tactically~*~*~ (stealth).
 58705 | Zot:4    | 58705 ||| INVOKING Heroism.
 58731 | Zot:4    | 58731 ||| INVOKING Heroism.
 59136 | Zot:4    | 59136 ||| PLANNING SLIME:5
 59136 | Zot:4    | 59136 ||| UPGRADING to +4 dragonskin cloak.
 59146 | Zot:4    | 59146 ||| DROPPING +2 cloak.
 59689 | Slime:1  | Entered Level 1 of the Pits of Slime
 59694 | Slime:1  | 59694 ||| STAIRDANCE
 59819 | Slime:3  | Paralysed by a great orb of eyes for 3 turns
 59859 | Slime:3  | Received a gift from Okawaru
 59969 | Slime:5  | Entered Level 5 of the Pits of Slime
 60097 | Slime:5  | 60097 ||| DRINKING 23 potions of curing.
 60097 | Slime:5  | 60097 ||| (to cure confusion)
 60101 | Slime:5  | 60101 ||| DRINKING 22 potions of curing.
 60101 | Slime:5  | 60101 ||| (to cure confusion)
 60115 | Slime:5  | 60115 ||| DRINKING 21 potions of curing.
 60115 | Slime:5  | 60115 ||| (to cure confusion)
 60129 | Slime:5  | 60129 ||| DRINKING 20 potions of curing.
 60129 | Slime:5  | 60129 ||| (to cure confusion)
 60130 | Slime:5  | 60130 ||| DRINKING 19 potions of curing.
 60130 | Slime:5  | 60130 ||| (to cure confusion)
 60132 | Slime:5  | 60132 ||| DRINKING 18 potions of curing.
 60132 | Slime:5  | 60132 ||| (to cure confusion)
 60133 | Slime:5  | 60133 ||| DRINKING 17 potions of curing.
 60133 | Slime:5  | 60133 ||| (to cure confusion)
 60141 | Slime:5  | 60141 ||| DRINKING 16 potions of curing.
 60141 | Slime:5  | 60141 ||| (to cure confusion)
 60144 | Slime:5  | 60144 ||| DRINKING 15 potions of curing.
 60144 | Slime:5  | 60144 ||| (to cure confusion)
 60156 | Slime:5  | 60156 ||| DRINKING 14 potions of curing.
 60156 | Slime:5  | 60156 ||| (to cure confusion)
 60161 | Slime:5  | 60161 ||| DRINKING 13 potions of curing.
 60161 | Slime:5  | 60161 ||| (to cure confusion)
 60206 | Slime:5  | 60206 ||| DRINKING 4 potions of cancellation.
 60207 | Slime:5  | 60207 ||| INVOKING Heroism.
 60562 | Slime:5  | Noticed the Royal Jelly
 60570 | Slime:5  | 60570 ||| INVOKING Heroism.
 60622 | Slime:5  | 60622 ||| INVOKING Heroism.
 60638 | Slime:5  | 60638 ||| DRINKING 3 potions of cancellation.
 60642 | Slime:5  | HP: 31/180 [rockslime[the Royal Jelly] (19)]
 60643 | Slime:5  | 60643 ||| READING 11 scrolls of teleportation.
 60647 | Slime:5  | HP: 27/180 [acid[the Royal Jelly] (2)]
 60976 | Slime:5  | 60976 ||| INVOKING Heroism.
 61001 | Slime:5  | 61001 ||| DRINKING 2 potions of cancellation.
 61009 | Slime:5  | HP: 27/180 [rockslime[the Royal Jelly] (23)]
 61010 | Slime:5  | 61010 ||| READING 10 scrolls of teleportation.
 61013 | Slime:5  | HP: 13/180 [acid[the Royal Jelly] (2)]
 61014 | Slime:5  | HP: 6/180 [azure jelly[the Royal Jelly] (6)]
 61014 | Slime:5  | Slain by an azure jelly

Levels and vault maps discovered:
D:1:      nzn_arrival_crosshair, layout_basic, nrook_mini_backslash
D:2:      layout_loops_ring, kennysheep_big_empty_room, hangedman_decor_points
D:3:      layout_loops_ring, nicolae_overflow_ecumenical_swirl,
          chequers_ecumenical_altar_simple_redux, uniq_grinder
D:4:      layout_layer_cave, xom_butterflies, minmay_temple_entry_glass,
          grunt_decor_fettered, minmay_starry_boxes
D:5:      layout_gridville, mainiacjoe_overflow_six_doors_small, minivault_4
D:6:      layout_basic, gammafunk_temple_overflow_forgotten, uniq_menkaure,
          uniq_duvessa, uniq_sigmund, uniq_blork_the_orc
D:7:      layout_layer_cave, enter_ossuary_2, skrybe_limestone_x, uniq_maggie
D:8:      layout_loops_ring, enter_bailey_3
D:9:      layout_loops_ring, uniq_gastronok
D:10:     layout_roguey, mainiacjoe_overflow_small_starburst, erik_lair_island
D:11:     layout_cave_pools, uniq_grum, uniq_josephine, uniq_nergalle
D:12:     layout_grid_maze, minmay_orc_entry_guard_dogs
D:13:     layout_roguey
D:14:     minmay_bubble_buster, layout_gridville, grunt_vaults_entry_fortified,
          minmay_guarded_unrand_prune, uniq_frances, uniq_rupert, uniq_kirke
D:15:     grunt_enter_depths_magical_seal, layout_basic,
          portal_ice_cave_entry_ice_statue_one, hangedman_abyss_or_decor_clamps,
          uniq_nessos, uniq_jorgrun
Temple:   nicolae_temple_bog_church
Lair:1:   layout_hall_layers, lemuel_old_faithful, infiniplex_staircase_pool_2
Lair:2:   layout_loops_ring, minmay_snake_entry_six_corridors
Lair:3:   nzn_winding_woodlands_huge [nzn_winding_woodlands_5x15_parted,
          nzn_winding_woodlands_5x15_crooked,
          nzn_winding_woodlands_5x15_pathside_ponds,
          nzn_winding_woodlands_5x15_default, nzn_winding_woodlands_5x15_jagged,
          nzn_winding_woodlands_5x15_pockets, nzn_winding_woodlands_5x15_zeroes,
          nzn_winding_woodlands_5x15_sidewinder,
          nzn_winding_woodlands_5x15_longhouse,
          nzn_winding_woodlands_5x15_sawtooth,
          nzn_winding_woodlands_center_garden,
          nzn_winding_woodlands_center_triple_pond,
          nzn_winding_woodlands_15x15_boxy_spiral], layout_layer_cave
Lair:4:   hellmonk_ruined_rings, layout_long_grid,
          nicolae_slime_entry_field_trip, lemuel_fruit_fields,
          lemuel_fruit_tree, infiniplex_staircase_pool
Lair:5:   cheibrodos_lair_end_hotspot, layout_long_grid, serial_bayou_shore_a
Shoals:1: layout_shoals, nicolae_shoals_shepherds
Shoals:2: layout_shoals
Shoals:3: nicolae_shoals_mermall, layout_shoals, uniq_ilsuiw
Shoals:4: shoals_end_grunt_ice, layout_shoals, lemuel_oklob_altar
Snake:1:  layout_rooms, basic_altar, ebering_ghost_xom, hangedman_snake_pattern,
          drop_trap, uniq_aizul
Snake:2:  layout_layer_cave, serial_shops, nicolae_shop_real_fake_doors
Snake:3:  layout_layer_cave, grunt_megastairs_4, nicolae_triple_integral
Snake:4:  hellmonk_snake_rune_quicksilver_temple, layout_misc_corridors,
          serial_shops, shop_scrolls, chequers_hall_statues_corner_a,
          uniq_vashnia
Slime:1:  layout_caves
Slime:2:  layout_caves
Slime:3:  cheibrodos_slime_lost_civilization_3, layout_caves, uniq_dissolution
Slime:4:  cheibrodos_slime_lost_civilization_8, layout_caves
Slime:5
Orc:1:    layout_diamond_mine, basic_altar, gammafunk_ghost_split
Orc:2:    grunt_orc_cross, layout_caves, uniq_erolcha
Vaults:1: ploomutoo_gammafunk_ghost_potion_laboratory, hangedman_vaults_trim,
          nicolae_vaults_offset_grid_hallway_2, nicolae_vaults_network_square,
          nicolae_vaults_storage_room_doors, v_misc_30,
          nicolae_vaults_twisting_passages, grunt_vaults_hallway_short,
          nicolae_vaults_more_shelving_2, nicolae_vaults_house_1,
          hangedman_vaults_nails, ontoclasm_vaults_loading_screen,
          layout_vaults_chaotic_city
Vaults:2: minmay_crypt_entry_simple_box, ontoclasm_vaults_chip,
          nicolae_vaults_tetromino_Z_2, nicolae_vaults_bisected_inception,
          hangedman_vaults_stagger, v_misc_15, hangedman_vaults_corner,
          nicolae_vaults_closet_pinwheel_6, nicolae_vaults_gold_heap,
          hangedman_vaults_capsules, nicolae_vaults_closet_pinwheel_1,
          layout_vaults_ring
Vaults:3: nicolae_vaults_tetromino_Z_1, nicolae_vaults_shrinking_rooms_2,
          v_misc_2, ontoclasm_vaults_fault, hangedman_vaults_snaps,
          nicolae_vaults_yaktaur_gun_rack, nicolae_vaults_surprise_closet,
          hangedman_vaults_nails, nicolae_vaults_storage_room_water,
          nicolae_vaults_specimen_jars, v_misc_22, layout_vaults_omnibox,
          uniq_jory
Vaults:4: nicolae_vaults_little_squares_2, nicolae_vaults_tetromino_T_2,
          vaults_room_corners, nicolae_vaults_hexular_roomagon,
          nicolae_vaults_apartment_1, vaults_standard_mumra_x,
          nicolae_vaults_trapezoid_lopsided_3, v_pattern_5,
          nicolae_vaults_theta, hangedman_vaults_restitches,
          dpeg_vaults_monster_box, nicolae_vaults_surprise_closet_hard,
          vaults_room_hallway, layout_vaults_omnigrid, uniq_mennas
Vaults:5
Depths:1: layout_forbidden_donut, serial_shops, nicolae_square_shop,
          abyss_entry, minmay_misc_feat_nine_boxes, pf_hell_entry_tar_spiral,
          kennysheep_path_1, nicolae_shop_firing_range
Depths:2: minmay_tri_box, layout_cave_pools, pan_entry, hangedman_geh_valley,
          minivault_14, nicolae_abyss_entry_one_way_or_another,
          kennysheep_doodads, tgw_sif, infiniplex_staircase_zigzag_2,
          firewood_loft, minmay_shop_grove
Depths:3: hellmonk_paralyzer, layout_twisted_cross, enter_ziggurat_e,
          mu_enter_wizlab_5, okawaru_trees_1, abyss_entry, hell_entry,
          minmay_staircase_windowed_small, serial_bayou_shore_b
Depths:4: grunt_zot_entry_bicorn, layout_gridlike, elyvilon_altar_4, hell_entry,
          abyss_entry_crystal
Zot:1:    layout_cathedral_of_symmetry, drop_trap
Zot:2:    layout_gridlike
Zot:3:    gammafunk_dig_for_victory, layout_cathedral_of_symmetry, st_stairs_13
Zot:4:    layout_basic, uniq_tiamat

Skill      XL: |  1  2  3  4  5  6  7  8  9 10 11 12 13 14 15 16 17 18 19 20 21 22 23 24 25 |
---------------+----------------------------------------------------------------------------+-----
Axes           | 2 3 4 6 7 8 9 10 12 14 15 17 18 | 18.0
Fighting       | 4 5 6 7 9 10 12 13 15 17 18 20 21 22 23 24 | 24.8
Dodging        | 1 2 3 4 5 7 |  7.0
Invocations    | 4 5 9 10 | 10.0
Armour         | 4 6 7 8 9 10 11 12 14 15 17 18 19 21 22 | 22.0
Shields        | 4 5 10 12 15 16 17 18 19 20 21 22 | 22.0
Throwing       | 1 2 6 8 9 10 11 12 13 14 | 14.0

Action                     |  1- 3 |  4- 6 |  7- 9 | 10-12 | 13-15 | 16-18 | 19-21 | 22-24 | 25-27 || total
---------------------------+-------+-------+-------+-------+-------+-------+-------+-------+-------++-------
  Melee: War axe           |   109 |    56 |   291 |   388 |   634 |       |       |       |       ||  1478
         Morningstar       |       |       |       |     7 |    28 |     7 |       |       |       ||    42
         Broad axe         |       |       |       |       |   401 |  1959 |  1830 |  1719 |   466 ||  6375
         Kick              |       |       |       |       |       |   262 |       |       |       ||   262
  Throw: Boomerang         |       |       |       |       |       |     6 |       |       |       ||     6
 Invoke: Heroism           |       |       |     9 |    22 |    17 |    45 |    25 |    38 |    11 ||   167
         Finesse           |       |       |       |     1 |     2 |     3 |     5 |     8 |       ||    19
    Use: Scroll            |     4 |     8 |    14 |     6 |    11 |     8 |     6 |     6 |     2 ||    65
         Potion            |       |     1 |     1 |     1 |       |     6 |     1 |    12 |    14 ||    36
   Stab: Petrified         |       |       |       |       |     6 |       |       |       |       ||     6
         Petrifying        |       |       |       |       |     1 |       |       |       |       ||     1
 Armour: Scale mail        |    50 |    22 |       |       |       |       |       |       |       ||    72
         Chain mail        |       |     6 |   103 |       |       |       |       |       |       ||   109
         Plate armour      |       |       |    40 |   297 |   611 |   890 |   746 |   813 |   168 ||  3565
  Dodge: Dodged            |    48 |    21 |    55 |   139 |   203 |   552 |   573 |   686 |   191 ||  2468
  Block: Buckler           |    20 |     5 |    42 |    77 |       |       |       |       |       ||   144
         Tower shield      |       |       |       |       |   858 |  1744 |  1503 |  1759 |   480 ||  6344
         Reflection        |       |       |       |       |       |       |       |    37 |     8 ||    45

Table legend:
 A = Non-vault XP
 B = Vault XP
 C = Vault XP percentage of total XP
 D = Non-vault monster count
 E = Vault monster count
 F = Vault count percentage of total count
                 A         B        C        D         E       F
            +---------+---------+-------+---------+---------+-------
      Total |  603907 |  405387 |  40.2 |    1255 |     602 |  32.4
            +---------+---------+-------+---------+---------+-------
        D:1 |      44 |       0 |   0.0 |      26 |       0 |   0.0
        D:2 |     146 |       0 |   0.0 |      17 |       0 |   0.0
        D:3 |      25 |     277 |  91.7 |       8 |       1 |  11.1
        D:4 |     188 |      40 |  17.5 |      19 |       6 |  24.0
        D:5 |     682 |       0 |   0.0 |      21 |       0 |   0.0
        D:6 |     698 |     710 |  50.4 |      21 |       5 |  19.2
        D:7 |     273 |     379 |  58.1 |       8 |       1 |  11.1
        D:8 |     679 |       7 |   1.0 |       8 |       4 |  33.3
        D:9 |    1789 |    1570 |  46.7 |      27 |       1 |   3.6
       D:10 |    3470 |     650 |  15.8 |      41 |       7 |  14.6
       D:11 |    2686 |    3006 |  52.8 |       8 |       9 |  52.9
       D:12 |    5337 |     492 |   8.4 |      17 |       3 |  15.0
       D:13 |    8161 |       0 |   0.0 |      21 |       0 |   0.0
       D:14 |    6639 |   28727 |  81.2 |      18 |      44 |  71.0
       D:15 |    7744 |    7760 |  50.1 |      18 |      12 |  40.0
     Lair:1 |    4070 |       0 |   0.0 |      24 |       0 |   0.0
     Lair:2 |    7354 |    3943 |  34.9 |      22 |      14 |  38.9
     Lair:3 |   16703 |   18403 |  52.4 |      50 |      52 |  51.0
     Lair:4 |    8974 |     255 |   2.8 |      23 |       6 |  20.7
     Lair:5 |   14151 |    7351 |  34.2 |      53 |      27 |  33.8
   Shoals:1 |   10509 |    3345 |  24.1 |      21 |      16 |  43.2
   Shoals:2 |    9386 |       0 |   0.0 |      22 |       0 |   0.0
   Shoals:3 |   19036 |    6701 |  26.0 |      37 |      12 |  24.5
   Shoals:4 |   14749 |   18271 |  55.3 |      29 |      32 |  52.5
    Snake:1 |   14339 |    1250 |   8.0 |      30 |       1 |   3.2
    Snake:2 |   22775 |       0 |   0.0 |      47 |       0 |   0.0
    Snake:3 |   17704 |     754 |   4.1 |      34 |       2 |   5.6
    Snake:4 |   33689 |   26341 |  43.9 |      70 |      29 |  29.3
    Slime:1 |    3153 |       0 |   0.0 |       2 |       0 |   0.0
    Slime:2 |    1203 |       0 |   0.0 |       3 |       0 |   0.0
    Slime:3 |    2251 |       0 |   0.0 |       7 |       0 |   0.0
    Slime:4 |    1865 |       0 |   0.0 |       8 |       0 |   0.0
    Slime:5 |   11060 |   10589 |  48.9 |      26 |       9 |  25.7
      Orc:1 |    2003 |       0 |   0.0 |      26 |       0 |   0.0
      Orc:2 |    2298 |    7787 |  77.2 |      37 |      35 |  48.6
   Vaults:1 |   18347 |   37298 |  67.0 |      29 |      47 |  61.8
   Vaults:2 |    9077 |   19689 |  68.4 |      11 |      24 |  68.6
   Vaults:3 |   26713 |   16752 |  38.5 |      45 |      20 |  30.8
   Vaults:4 |   27353 |   30333 |  52.6 |      42 |      31 |  42.5
   Vaults:5 |   21479 |   89620 |  80.7 |      32 |      73 |  69.5
   Depths:1 |   31629 |       6 |   0.0 |      37 |       3 |   7.5
   Depths:2 |   39542 |   14736 |  27.1 |      49 |      10 |  16.9
   Depths:3 |   12277 |   14079 |  53.4 |      11 |       9 |  45.0
   Depths:4 |   12387 |   18221 |  59.5 |      11 |      15 |  57.7
      Zot:1 |   37192 |       0 |   0.0 |      30 |       0 |   0.0
      Zot:2 |   38959 |       0 |   0.0 |      35 |       0 |   0.0
      Zot:3 |   28594 |    1642 |   5.4 |      27 |       1 |   3.6
      Zot:4 |   32869 |   14164 |  30.1 |      24 |      10 |  29.4
    Abyss:3 |   11656 |       0 |   0.0 |      23 |       0 |   0.0
    Ossuary |       0 |     239 | 100.0 |       0 |      31 | 100.0
            +---------+---------+-------+---------+---------+-------
